 Dungeon Crawl Stone Soup version 0.27.1-37-g7b29ead8ac (webtiles) character file.

Game seed: 16339110278878377915

10422970 AarnesTheHuman the Archmage (level 27, 289/291 HPs)
             Began as an Octopode Transmuter on Sept 4, 2023.
             Was an Initiate of Gozag.
             Escaped with the Orb
             ... and 15 runes on Sept 17, 2023!
             The game lasted 16:53:27 (167370 turns).

AarnesTheHuman the Archmage (Octopode Transmuter) Turns: 167370, Time: 16:53:28

Health: 289/291    AC: 33    Str: 13    XL:     27
Magic:  86/90      EV: 36    Int: 45    God:    Gozag
Gold:   6884       SH: 36    Dex: 12    Spells: 2/80 levels left

rFire    + . .     SeeInvis +     - Unarmed
rCold    + + +     Faith    .   W - +7 tower shield of the Kettle-Drum {rC+ MP+9 Slay+3, DD = 86 fail @ 11 Necromancy}
rNeg     + + +     Spirit   .   c - -2 hat of the Alchemist {rElec rPois rF+ rC+ rN+ Will+ rMut rCorr}
rPois    ∞         Reflect  +   z - amulet of Lugonu's Whim {Reflect rC++ Int+4 Dex-3 SH+5}
rElec    +         Harm     .   J - ring "Pori" {MP+9 Int+2 Slay+4}
rCorr    +         Rampage  .   Y - ring of Niusche {Fly rPois Will+ MP+9}
rMut     +                      E - ring of Egomania {EV+4 Int+6}
Will     +++++                  d - ring of Hijenlits {Will+ EV+4 Int+4 Dex+3 Stlth-}
Stlth    +++.......             S - ring of Woegeek {+Blink rC+ Will++}
HPRegen  0.58/turn              N - ring of Toim {rCorr MP+9 Str+5}
MPRegen  0.52/turn              r - ring "Xiucagux" {rN+ EV+4 Int+5}
                                e - ring of Esiopn {Wiz Will+ Str-4 SInv Stlth+}

@: statue-form, forested, flying, studying 6 skills, very slow
A: slow and powerful, torment resistance 1, boosted hp, almost no armour,
amphibious, 8 rings, camouflage 2, (gelatinous body 1), (nimble swimmer 1),
tentacles, fangs 1, tentacle spike 1, clumsy 1, evolution 1, MP-powered wands
0: Orb of Zot
}: 15/15 runes: decaying, slimy, silver, golden, iron, obsidian, icy, bone,
abyssal, demonic, glowing, magical, fiery, dark, gossamer
a: End Transformation, Renounce Religion, Evoke Blink, Potion Petition, Call
Merchant, Bribe Branch


You escaped.
You worshipped Gozag.
Gozag was greatly pleased with you.
You were a living statue of rough stone.
You visited 17 branches of the dungeon, and saw 89 of its levels.
You visited Pandemonium 1 time, and saw 23 of its levels.
You visited the Abyss 7 times.
You completed 2 ziggurats, and saw 54 of their levels.
You also visited: Sewer, Gauntlet and Wizlab.

You collected 119857 gold pieces.
You spent 11615 gold pieces at shops.
You paid 101358 gold pieces to Gozag.

Inventory:

Missiles
 g - 9 throwing nets
Armour
 c - the -2 hat of the Alchemist (worn) {rElec rPois rF+ rC+ rN+ Will+ rMut rCorr}
   (You acquired it on level 4 of the Vaults)

   rF:        It protects you from fire.
   rC:        It protects you from cold.
   rElec:     It insulates you from electricity.
   rPois:     It protects you from poison.
   rN:        It protects you from negative energy.
   rCorr:     It protects you from acid and corrosion.
   rMut:      It protects you from mutation.
   Will:      It increases your willpower.
 W - the +7 tower shield of the Kettle-Drum (worn) {rC+ MP+9 Slay+3, DD = 86 fail @ 11 Necromancy}
   (You acquired it on level 5 of the Vaults)

   Slay:      It affects your accuracy & damage with ranged weapons and melee
   (+3).
   rC:        It protects you from cold.
   MP:        It affects your magic capacity (+9).
Magical Staves
 a - a staff of earth {SF = 58 @ Earth = 10}
Jewellery
 b - the ring of Xaudag {rElec rF- rC+ rCorr Slay+4}
   (You found it on level 4 of the Vaults)

   [ring of slaying]

   Slay:      It affects your accuracy & damage with ranged weapons and melee
   (+4).
   rF:        It makes you vulnerable to fire.
   rC:        It protects you from cold.
   rElec:     It insulates you from electricity.
   rCorr:     It protects you from acid and corrosion.
 d - the ring of Hijenlits (on tentacle) {Will+ EV+4 Int+4 Dex+3 Stlth-}
   (You found it on level 23 of a ziggurat)

   [ring of evasion]

   EV:        It affects your evasion (+4).
   Int:       It affects your intelligence (+4).
   Dex:       It affects your dexterity (+3).
   Will:      It increases your willpower.
   Stlth:     It makes you less stealthy.
 e - the ring of Esiopn (on tentacle) {Wiz Will+ Str-4 SInv Stlth+}
   (You found it on level 8 of a ziggurat)

   [ring of wizardry]

   It improves your spell success rate.
   Str:       It affects your strength (-4).
   SInv:      It lets you see invisible.
   Will:      It increases your willpower.
   Stlth:     It makes you more stealthy.
 h - the ring "Caehea" {rF++ Will+ EV+4}
   (You found it on level 7 of a ziggurat)

   [ring of evasion]

   EV:        It affects your evasion (+4).
   rF:        It greatly protects you from fire.
   Will:      It increases your willpower.
 r - the ring "Xiucagux" (on tentacle) {rN+ EV+4 Int+5}
   (You found it on level 3 of the Tomb of the Ancients)

   [ring of evasion]

   EV:        It affects your evasion (+4).
   Int:       It affects your intelligence (+5).
   rN:        It protects you from negative energy.
 y - the ring of Tauzeyv {rPois MP+9 Int+4}
   (You bought it in a shop on level 11 of the Dungeon)

   [ring of poison resistance]

   Int:       It affects your intelligence (+4).
   rPois:     It protects you from poison.
   MP:        It affects your magic capacity (+9).
 z - the amulet of Lugonu's Whim (around mantle) {Reflect rC++ Int+4 Dex-3 SH+5}
   (You found it on level 13 of a ziggurat)

   [amulet of reflection]

   It reflects blocked missile attacks.
   Int:       It affects your intelligence (+4).
   Dex:       It affects your dexterity (-3).
   rC:        It greatly protects you from cold.
   SH:        It affects your SH (+5).
 E - the ring of Egomania (on tentacle) {EV+4 Int+6}
   (You bought it in a shop on level 11 of the Dungeon)

   [ring of evasion]

   EV:        It affects your evasion (+4).
   Int:       It affects your intelligence (+6).
 H - the ring of Tesh {rN+ EV+4 Int+2 Dex-3}
   (You found it on level 14 of a ziggurat)

   [ring of evasion]

   EV:        It affects your evasion (+4).
   Int:       It affects your intelligence (+2).
   Dex:       It affects your dexterity (-3).
   rN:        It protects you from negative energy.
 J - the ring "Pori" (left tentacle) {MP+9 Int+2 Slay+4}
   (You acquired it on level 17 of a ziggurat)

   [ring of slaying]

   Int:       It affects your intelligence (+2).
   Slay:      It affects your accuracy & damage with ranged weapons and melee
   (+4).
   MP:        It affects your magic capacity (+9).
 N - the ring of Toim (on tentacle) {rCorr MP+9 Str+5}
   (You found it on level 18 of a ziggurat)

   [ring of magical power]

   Str:       It affects your strength (+5).
   MP:        It affects your magic capacity (+9).
   rCorr:     It protects you from acid and corrosion.
 Q - the ring "Maufyfo" {rC+ Str+3 Slay+4}
   (You bought it in a shop on level 11 of the Dungeon)

   [ring of slaying]

   Str:       It affects your strength (+3).
   Slay:      It affects your accuracy & damage with ranged weapons and melee
   (+4).
   rC:        It protects you from cold.
 S - the ring of Woegeek (on tentacle) {+Blink rC+ Will++}
   (You bought it in a shop on level 11 of the Dungeon)

   [ring of protection from cold]

   rC:        It protects you from cold.
   +Blink:    It lets you blink.
   Will:      It greatly increases your willpower.
 Y - the ring of Niusche (right tentacle) {Fly rPois Will+ MP+9}
   (You found it on level 19 of a ziggurat)

   [ring of magical power]

   rPois:     It protects you from poison.
   MP:        It affects your magic capacity (+9).
   Fly:       It grants you flight.
   Will:      It increases your willpower.
Wands
 f - a wand of iceblast (137)
 k - a wand of mindburst (74)
 m - a wand of paralysis (18)
 K - a wand of digging (40)
 M - a wand of acid (81)
Scrolls
 l - 10 scrolls of fear
 u - 65 scrolls of teleportation
 v - 9 scrolls of silence
 D - 19 scrolls of blinking
 F - 10 scrolls of magic mapping
 G - 41 scrolls of fog
 T - 4 scrolls of amnesia
 U - 9 scrolls of summoning
 Z - 10 scrolls of holy word
Potions
 i - 13 potions of haste
 j - 8 potions of brilliance
 n - 12 potions of lignification
 p - 9 potions of resistance
 s - 11 potions of cancellation
 t - 11 potions of might
 w - 18 potions of magic
 x - a potion of berserk rage
 A - 31 potions of curing
 B - 6 potions of invisibility
 L - 54 potions of mutation
 R - 15 potions of heal wounds
 V - 25 potions of ambrosia
Miscellaneous
 o - a phantom mirror
 q - a tin of tremorstones (2/2)
 P - a condenser vane
 X - 2 +2 figurines of a ziggurat


   Skills:
 O Level 27 Fighting
 O Level 27 Dodging
 - Level 18.0 Stealth
 O Level 27 Shields
 O Level 27 Unarmed Combat
 O Level 27 Spellcasting
 - Level 20.0 Conjurations
 - Level 3.0 Hexes
 + Level 25.3 Summonings
 O Level 27 Necromancy
 - Level 15.0 Translocations
 - Level 17.0 Transmutations
 - Level 19.0 Fire Magic
 - Level 24.3 Ice Magic
 - Level 6.9 Air Magic
 O Level 27 Earth Magic
 O Level 27 Evocations


You had 2 spell levels left.
You knew the following spells:

 Your Spells              Type           Power      Damage    Failure   Level
a - Shatter               Erth           70%        3d52*     1%          9
b - Wereblood             Tmut           100%       N/A       0%          2
c - Infestation           Necr           70%        N/A       0%          8
d - Haunt                 Necr/Summ      69%        N/A       0%          7
f - Manifold Assault      Tloc           100%       N/A       0%          5
g - Passwall              Tmut/Erth      100%       N/A       0%          2
i - Passage of Golubria   Tloc           N/A        N/A       0%          4
j - Statue Form           Tmut/Erth      87%        N/A       0%          6
m - Irradiate             Conj/Tmut      61%        3d34      0%          5
n - Malign Gateway        Summ/Tloc      63%        N/A       1%          7
o - Summon Forest         Summ/Tloc      63%        N/A       0%          5
q - Polar Vortex          Ice            68%        N/A       1%          9
G - Death's Door          Necr           70%        N/A       1%          9

Your spell library contained the following spells:

 Spells                   Type           Power      Damage    Failure   Level
 Animate Skeleton         Necr           100%       N/A       0%          1
 Apportation              Tloc           100%       N/A       0%          1
 Beastly Appendage        Tmut           100%       N/A       0%          1
 Foxfire                  Conj/Fire      100%       2x1d9     0%          1
 Freeze                   Ice            100%       1d11      0%          1
 Magic Dart               Conj           100%       1d8       0%          1
 Pain                     Necr           100%       1d9       0%          1
 Sandblast                Erth           100%       2d20      0%          1
 Shock                    Conj/Air       100%       1d9       0%          1
 Sting                    Tmut/Pois      100%       1d8       0%          1
 Summon Small Mammal      Summ           100%       N/A       0%          1
 Blink                    Tloc           N/A        N/A       0%          2
 Call Imp                 Summ           100%       N/A       0%          2
 Corpse Rot               Necr/Air       N/A        N/A       0%          2
 Ensorcelled Hibernation  Hex/Ice        100%       N/A       0%          2
 Searing Ray              Conj           100%       3d7       0%          2
 Static Discharge         Conj/Air       100%       N/A       0%          2
 Sublimation of Blood     Necr           70%        N/A       0%          2
 Corona                   Hex            81%        N/A       1%          1
 Poisonous Vapours        Pois/Air       100%       N/A       1%          2
 Slow                     Hex            73%        N/A       1%          2
 Call Canine Familiar     Summ           100%       N/A       0%          3
 Conjure Flame            Conj/Fire      100%       6-21      0%          3
 Dazzling Flash           Conj/Hex       100%       N/A       0%          3
 Frozen Ramparts          Ice            100%       1d12      0%          3
 Gell's Gravitas          Tloc           57%        N/A       0%          3
 Ignite Poison            Fire/Tmut/Pois 100%       N/A       0%          3
 Inner Flame              Hex/Fire       100%       N/A       0%          3
 Lesser Beckoning         Tloc           57%        N/A       0%          3
 Mephitic Cloud           Conj/Pois/Air  96%        N/A       0%          3
 Ozocubu's Armour         Ice            100%       N/A       0%          3
 Portal Projectile        Hex/Tloc       100%       N/A       0%          3
 Spider Form              Tmut/Pois      47%        N/A       0%          3
 Stone Arrow              Conj/Erth      100%       3d13      0%          3
 Summon Guardian Golem    Hex/Summ       100%       N/A       0%          3
 Teleport Other           Tloc           100%       N/A       0%          3
 Vampiric Draining        Necr           70%        2d16      0%          3
 Animate Dead             Necr           70%        N/A       0%          4
 Dispel Undead            Necr           100%       3d31      0%          4
 Fulminant Prism          Conj/Hex       52%        3d23      0%          4
 Hailstorm                Conj/Ice       100%       3d20      0%          4
 Ice Form                 Ice/Tmut       100%       N/A       0%          4
 Iskenderun's Mystic Bla  Conj/Tloc      100%       2d19      0%          4
 Leda's Liquefaction      Hex/Erth       57%        N/A       0%          4
 Petrify                  Tmut/Erth      100%       N/A       0%          4
 Sticky Flame             Conj/Fire      100%       2d11      0%          4
 Summon Ice Beast         Ice/Summ       100%       N/A       0%          4
 Summon Lightning Spire   Summ/Air       100%       N/A       0%          4
 Agony                    Necr           100%       N/A       0%          5
 Blade Hands              Tmut           59%        N/A       0%          5
 Bolt of Magma            Conj/Fire/Erth 65%        4d25      0%          5
 Borgnjor's Vile Clutch   Necr/Erth      70%        N/A       0%          5
 Excruciating Wounds      Necr           70%        N/A       0%          5
 Fireball                 Conj/Fire      62%        3d24      0%          5
 Freezing Cloud           Conj/Ice/Air   60%        6-21      0%          5
 Iskenderun's Battlesphe  Conj           100%       2d15      0%          5
 Lee's Rapid Deconstruct  Erth           70%        3d33*     0%          5
 Metabolic Englaciation   Hex/Ice        55%        N/A       0%          5
 Summon Mana Viper        Hex/Summ       100%       N/A       0%          5
 Death Channel            Necr           70%        N/A       0%          6
 Iron Shot                Conj/Erth      67%        9d12      0%          6
 Shadow Creatures         Summ           N/A        N/A       0%          6
 Simulacrum               Ice/Necr       69%        N/A       0%          6
 Starburst                Conj/Fire      62%        6d16      0%          6
 Monstrous Menagerie      Summ           69%        N/A       0%          7
 Ozocubu's Refrigeration  Ice            68%        4d18      0%          7
 Spellforged Servitor     Conj/Summ      66%        N/A       0%          7
 Summon Hydra             Summ           69%        N/A       0%          7
 Borgnjor's Revivificati  Necr           70%        N/A       0%          8
 Confusing Touch          Hex            73%        N/A       1%          3
 Swiftness                Air            89%        N/A       1%          3
 Tukima's Dance           Hex            73%        N/A       1%          3
 Airstrike                Air            44%        N/A       1%          4
 Cause Fear               Hex            36%        N/A       1%          4
 Olgreb's Toxic Radiance  Pois           57%        N/A       1%          4
 Alistair's Intoxication  Tmut/Pois      63%        N/A       1%          5
 Lightning Bolt           Conj/Air       55%        1d77      1%          5
 Silence                  Hex/Air        40%        N/A       1%          5
 Yara's Violent Unravell  Hex/Tmut       50%        3d19      1%          5
 Conjure Ball Lightning   Conj/Air       55%        3x3d20    1%          6
 Dispersal                Tloc           57%        N/A       1%          6
 Eringya's Noxious Bog    Tmut/Pois      47%        N/A       1%          6
 Dragon Form              Tmut           59%        N/A       1%          7
 Orb of Destruction       Conj           63%        9d17      1%          7
 Storm Form               Tmut/Air       53%        N/A       1%          7
 Disjunction              Tloc           57%        N/A       1%          8
 Ignition                 Fire           62%        3d17      1%          8
 Lehudib's Crystal Spear  Conj/Erth      67%        10d15     1%          8
 Necromutation            Tmut/Necr      65%        N/A       1%          8
 Summon Horrible Things   Summ           69%        N/A       1%          8
 Dragon's Call            Summ           69%        N/A       1%          9
 Fire Storm               Conj/Fire      62%        8d16      3%          9
 Invisibility             Hex            36%        N/A       4%          6
 Maxwell's Capacitive Co  Air            44%        ∞         32%         8
 Chain Lightning          Conj/Air       55%        3d73      32%         9
 Discord                  Hex            36%        N/A       82%         8
 Animate Armour           Summ/Erth      Unusable   N/A       N/A         4

Dungeon Overview and Level Annotations

Branches:
Dungeon (15/15)            Temple (0/1) D:7            Lair (6/6) D:11
  Swamp (4/4) Lair:3       Spider (4/4) Lair:3        Slime (5/5) Lair:6
    Orc (2/2) D:12            Elf (3/3) Orc:2        Vaults (5/5) D:13
  Crypt (3/3) Vaults:3       Tomb (3/3) Crypt:3      Depths (5/5) D:15
   Hell (visited)             Dis (7/7) Hell            Geh (7/7) Hell
    Coc (7/7) Hell            Tar (7/7) Hell            Zot (5/5) Depths:5
  Sewer (visited)          WizLab (visited)         Gauntlet (visited)

Altars:
Ashenzari
Dithmenos
Elyvilon
Fedhas
Gozag
Kikubaaqudgha
Makhleb
Nemelex Xobeh
Okawaru
Qazlal
Ru
Trog
Uskayaw
Wu Jian
Xom
Yredelemnul
Beogh
Jiyva

Shops:
D:3 [   D:5 !   D:6 (   D:11 [(=[(**[?!==*===?[==*=:*=::*![   D:12 :
Orc:2 [?((==([?   Vaults:2 *   Vaults:4 :   Vaults:5 [   Depths:1 *
Depths:2 *[!   Depths:3 *

Portals:
Hell: Depths:1 Depths:2 Depths:3 Depths:4 Depths:5
Abyss: Depths:1 Depths:3 Depths:4
Pandemonium: Depths:2 Depths:3

Annotations:
D:1 exclusion: downstairs
D:2 1 runed translucent door, exclusion: door, Crazy Yiuf
D:8 3 runed translucent doors, exclusions: 3 doors and 1 more exclusion
D:9 2 transporters, exclusion: downstairs
D:13 1 runed translucent door, exclusions: door and downstairs
Lair:1 exclusion: 2 downstairs, Sonja
Lair:5 exclusion: downstairs
Swamp:3 exclusion: downstairs
Spider:2 exclusion: downstairs
Slime:1 exclusion: downstairs
Slime:4 exclusion: downstairs
Orc:1 exclusion: downstairs
Elf:2 1 runed translucent door, exclusion: downstairs
Vaults:1 exclusion: downstairs
Vaults:2 exclusion: downstairs
Vaults:3 exclusion: downstairs
Crypt:3 exclusion: door
Tomb:1 exclusion: 5 doors
Depths:1 exclusion: downstairs
Depths:2 exclusion: downstairs
Depths:3 exclusion: 3 downstairs
Depths:4 exclusion: 3 downstairs
Depths:5 exclusion: downstairs
Dis:3 exclusion: downstairs
Coc:6 exclusion: door
Tar:2 exclusion: downstairs
Tar:4 exclusion: downstairs
Zot:1 exclusion: downstairs
Zot:5 1 exclusion


Innate Abilities, Weirdness & Mutations

You are a living statue of rough stone.
Your actions are slow, but your melee attacks are powerful.
You are resistant to unholy torment.
Your maximum health is greatly increased.
You are immune to poison.
You cannot wear most types of armour.
You are amphibious.
You can wear up to eight rings at the same time.
Your skin blends seamlessly with your surroundings (Stealth++).
((Your rubbery body absorbs attacks. (AC +1, EV +1)))
((You are camouflaged near water. (Stealth+)))
You have tentacles for arms and can constrict up to eight enemies at once.
You have very sharp teeth.
One of your tentacles bears a spike.
You are clumsy. (Dex -2)
You evolve.
You expend magic power (3 MP) to strengthen your wands.


Message History

(V) Vaults (C) Crypt (W) Tomb (U) Depths (H) Hell (I) Dis (G) Gehenna (X) Cocytus (Y) Tartarus (Z) Zot
Where to? (Enter - D:1, ? - help) Magic restored.
There is a stone staircase leading up here.
You fly upwards.
Level annotation: exclusion: downstairs
There is a stone staircase leading down here.
Unknown command.
Your transformation is almost over.
You revert to your normal fleshy form.
A hellion comes into view.
Casting: Shatter (mildly dangerous; 1% risk of failure)
Confirm with . or Enter, or press ? or * to list all spells.
You turn into a living statue of rough stone.
Casting: Statue Form (safe; 0% risk of failure)
Confirm with . or Enter, or press ? or * to list all spells.
The dungeon shakes, a horrible noise fills the air, and a portal to some otherworldly place is opened!
The hellion gestures at you.
The sphere of damnation explodes!
The damnation engulfs you!
Casting: Malign Gateway (safe; 1% risk of failure)
Confirm with . or Enter, or press ? or * to list all spells.
A forested plane collides here with a resounding crunch!
Your dryad calls out to the forest.
The forest starts to sway and rumble!
You block the hellion's attack.
You bludgeon the hellion! You grab the hellion.
You pierce the hellion!
You squeeze the hellion!
The hellion is severely wounded.
You constrict the hellion. Tree limbs sway around you.
A tree reaches out and hits the hellion!
The hellion dies!
Branches wave dangerously above you.
You now have 6884 gold pieces (gained 7).
Branches wave dangerously above you.
The trees move their gnarly branches around.
The forest calms down.
There is a staircase leading out of the dungeon here.
You have escaped!

.##.#.#################♣♣♣..♣....
......#..## ♣♣.....♣...
###.###...# ######### ♣..*.......
#.# #...###...8...##♣≈<≈≈≈.....
#.# #...##..8...8..♣♣.≈..♣.....
#.# #...#8.........8♣≈≈≈.......
#.# #......8.....8..≈≈≈≈.♣♣♣#..
###.# #...#8.........8♣≈≈≈♣......
....# #...##..8.8R8..♣♣..♣.......
....###...###...8...#♣♣.♣..♣♣....
....##....# ######### #.......♣.♣
....##...## ♣♣....♣.>.#
....##.##### ###########....###
...........# #............#####
###........# #.#####.#........#
###........# #.................
..#........# #.##....#.######.#


You could see a friendly dryad (summoned).

Vanquished Creatures
  Cerebov (Pan)
  Asmodeus (Geh:7)
  Antaeus (Coc:7)
  the Royal Jelly (Slime:5)
  Gloorx Vloq (Pan)
  Lom Lobon (Pan)
  the Serpent of Hell (Coc:7)
  Mnoleg (Pan)
  Dispater (Dis:7)
  The ghost of Xuqyot the Conqueror, a legendary DsFi of Jiyva (Zig:8)
  8 dread liches
  9 ancient liches
  18 pandemonium lords
  5 orbs of fire (Zot:5)
  Mennas (Pan)
  The ghost of Zoplarin the Conqueror, a legendary BaSk of Cheibriados (Zig:8)
  3 juggernauts
  48 royal mummies
  Bai Suzhen (Depths:2)
  15 Killer Klowns
  Saint Roka (Elf:2)
  A curse toe (Zot:1)
  29 shard shrikes
  Margery (Vaults:1)
  The ghost of mantisjm the Hoplite, a veteran HOFi of Qazlal (Vaults:2)
  15 caustic shrikes
  Geryon (Hell)
  10 profane servitors
  A golden dragon (shapeshifter) (Zig:17)
  5 golden dragons
  A mutant beast (WizLab)
  Nikola (Swamp:2)
  61 bone dragons
  Jory (Vaults:4)
  13 doom hounds
  21 iron giants
  3 electric golems
  Arachne (Spider:3)
  Rupert (Depths:2)
  16 tentacled monstrosities
  16 hellephants
  30 Tzitzimimeh
  Jorgrun (Spider:3)
  21 Brimstone Fiends
  20 Hell Sentinels
  30 Orb Guardians
  43 deep elf master archers
  42 Ice Fiends
  29 liches
  A quicksilver dragon (shapeshifter) (Zig:17)
  17 deep elf blademasters
  17 quicksilver dragons
  8 titans
  9 death cobs
  A kraken (Abyss:2)
  29 ancient champions
  19 acid blobs
  14 sphinxes
  90 tentacled starspawn
  An eldritch tentacle (Abyss:3)
  22 Executioners
  Donald (Swamp:4)
  13 draconian monks
  13 shadow dragons
  20 revenants
  8 storm dragons
  5 fire giants
  86 nagarajas
  7 tengu reavers
  13 rockslimes
  4 daevas
  10 azure jellies
  9 black suns
  8 deep elf sorcerers
  22 draconian scorchers
  16 draconian knights
  32 balrugs
  An emperor scorpion (shapeshifter) (Abyss:1)
  17 ghost moths
  22 cacodemons
  12 frost giants
  14 draconian stormcallers
  5 juggernaut zombies
  17 vault wardens
  15 iron dragons
  15 orc warlords
  20 draconian shifters
  4 deep elf elementalists (Elf:3)
  9 warmongers
  3 angels
  11 curse skulls
  10 emperor scorpions
  4 ghouls
  9 quicksilver oozes (Slime:5)
  18 ironbound preservers
  6 blood saints
  97 reapers
  5 caustic shrike zombies
  31 war gargoyles
  3 juggernaut skeletons
  17 draconian annihilators
  10 corrupters
  70 very ugly things
  32 stone giants
  3 ophanim (Abyss:1)
  10 bennus
  5 spriggan defenders (Depths:4)
  3 caustic shrike skeletons (Zig:23)
  20 vampire knights
  13 black draconians
  21 lorocyprocas
  5 elemental wellsprings
  10 entropy weavers
  A spark wasp (shapeshifter) (Vaults:5)
  Nessos (Lair:6)
  17 green draconians
  A minotaur (Gauntlet)
  27 deep elf demonologists
  9 bunyips
  18 purple draconians
  14 yellow draconians
  A spark wasp (Spider:4)
  19 red draconians
  23 deep elf annihilators
  18 white draconians
  8 dire elephants
  14 merfolk javelineers
  16 green deaths
  5 crystal guardians
  20 eidola
  10 deep elf death magi
  4 eleionomae
  10 fire dragons
  12 jiangshi
  3 merfolk impalers
  20 ettins
  21 yaktaur captains
  31 blizzard demons
  2 kraken zombies
  10 quicksilver dragon zombies
  A shambling mangrove (Zig:8)
  41 mummy priests
  24 deep elf high priests
  27 naga warriors
  24 great orbs of eyes
  4 monstrous demonspawn (Pan)
  8 quicksilver dragon skeletons
  8 ironbound thunderhulks
  7 boulder beetles
  2 spectral krakens (Tar:7)
  Fannar (D:10)
  18 rakshasas
  28 ice dragons
  A peacekeeper (Vaults:3)
  4 spriggan air magi
  32 hydras
  A boulder beetle (shapeshifter) (Zig:15)
  94 salamander tyrants
  4 death knights
  10 ghost crabs
  38 vault guards
  12 anacondas
  7 ironbound frosthearts
  7 alligators
  9 hell beasts
  2 merfolk avatars (Zig:19)
  19 centaur warriors
  41 death scarabs
  2 ogre magi
  7 catoblepae
  10 two-headed ogres
  An alligator snapping turtle (Zig:19)
  10 deep troll shamans
  A two-headed ogre (shapeshifter) (Zig:26)
  8 merfolk aquamancers (Zig:19)
  50 hell hogs
  20 vampire magi
  23 titan zombies
  6 deep troll earth magi
  3 spriggan berserkers
  3 tengu warriors
  11 satyrs
  11 orc high priests
  32 naga sharpshooters
  37 soul eaters
  16 spriggans
  89 thrashing horrors
  Urug (Lair:4)
  A shock serpent (shapeshifter) (Vaults:4)
  21 death yaks
  18 iron golems
  38 deep elf knights
  28 shock serpents
  71 wretched stars
  60 sun demons
  11 storm dragon zombies
  180 skeletal warriors
  51 hell knights
  6 storm dragon skeletons
  15 titan skeletons
  31 iron trolls
  19 shadow wraiths
  40 sixfirhies
  3 ghost moth zombies
  A fire crab (shapeshifter) (Abyss:2)
  23 spatial maelstroms
  58 deep trolls
  A spark wasp zombie (Zig:10)
  5 gelid demonspawn (Pan)
  9 salamander mystics
  2 goliath frogs (Swamp:1)
  A fire crab (Gauntlet)
  11 golden dragon zombies
  6 torturous demonspawn (Pan)
  9 spriggan druids
  3 death drakes
  20 glowing orange brains
  5 infernal demonspawn (Pan)
  A lindwurm (Lair:6)
  7 anaconda zombies
  22 flayed ghosts
  5 sea snakes (Zig:19)
  5 obsidian statues
  31 shadow demons
  5 swamp dragons
  7 bog bodies
  9 naga ritualists
  22 deep elf archers
  A kraken simulacrum (Hell)
  8 orange crystal statues
  11 shadow dragon zombies
  37 phantasmal warriors
  3 wolf spider zombies
  13 harpies
  26 wizards
  8 anaconda skeletons
  A harpy (shapeshifter) (WizLab)
  34 orb spiders
  19 ironbound convokers
  8 tengu skeletons
  40 deep elf pyromancers
  22 necromancers
  23 iron dragon zombies
  7 frost giant zombies
  16 orc knights
  18 shining eyes
  62 deep elf zephyrmancers
  11 golden dragon skeletons
  3 sphinx skeletons
  10 fire giant zombies
  12 will-o-the-wisps
  A wolf spider (shapeshifter) (Vaults:4)
  40 wolf spiders
  14 fauns
  3 sphinx zombies (Zig:23)
  19 orc sorcerers
  9 shadow dragon skeletons
  18 manticores
  12 stone giant zombies
  235 large abominations
  11 mana vipers
  2 nameless horrors
  A shining eye (shapeshifter) (Abyss:1)
  A faun (shapeshifter) (Zig:9)
  22 cyclopes
  84 ugly things
  9 salamanders
  2 shock serpent zombies
  32 worldbinders
  11 iron dragon skeletons
  13 vault sentinels
  85 black mambas
  A guardian serpent (shapeshifter) (Abyss:3)
  41 elephants
  9 fire giant skeletons
  3 ice statues
  4 merfolk sirens (Zig:19)
  31 guardian serpents
  6 dire elephant zombies
  2 black mambas (shapeshifter)
  6 cane toads (shapeshifter)
  19 molten gargoyles
  14 torpor snails
  10 frost giant skeletons
  37 naga magi
  27 elf zombies
  A water nymph (shapeshifter) (D:15)
  22 apocalypse crabs
  85 rust devils
  25 moths of wrath
  8 water nymphs (Zig:19)
  An elephant (shapeshifter) (Zig:11)
  102 smoke demons
  11 stone giant skeletons
  3 spriggan zombies
  2 gargoyles
  A shock serpent skeleton (Geh:2)
  2 titan simulacra
  7 eyes of devastation
  11 unseen horrors
  Maurice (D:13)
  19 cane toads
  2 torpor snails (shapeshifter)
  8 spectral swamp worms (Tar:7)
  5 dire elephant skeletons
  52 orange demons
  6 kobold demonologists
  A black draconian zombie (Coc:4)
  3 storm dragon simulacra
  45 hellions
  5 rime drakes
  A yaktaur (shapeshifter) (Abyss:1)
  23 demonic crawlers
  4 emperor scorpion zombies
  69 freezing wraiths
  44 ice devils
  29 efreet
  2 komodo dragons (shapeshifter)
  42 yaktaurs
  3 tengu conjurers
  An anaconda simulacrum (Coc:7)
  A minotaur zombie (Coc:6)
  2 sea snake zombies (Hell)
  2 elves (Depths:2)
  32 hellwings
  73 tormentors
  67 ancient zymes
  27 merfolk (Zig:19)
  15 komodo dragons
  70 guardian mummies
  A white draconian skeleton (Crypt:1)
  A yellow draconian skeleton (Crypt:2)
  14 trolls
  39 red devils
  3 harpy zombies
  A minotaur skeleton (Coc:7)
  9 silent spectres
  23 hydra zombies
  A bloated husk (Zig:8)
  49 jumping spiders
  3 sea snake skeletons (Hell)
  4 wind drakes (Zig:19)
  5 catoblepas skeletons
  A meliai (shapeshifter) (WizLab)
  A jumping spider (shapeshifter) (WizLab)
  2 shadow dragon simulacra
  139 slime creatures
  Prince Ribbit (D:8)
  10 ice dragon zombies
  A moth of wrath zombie (Crypt:1)
  5 polar bears
  182 raiju
  6 harpy skeletons
  33 hornets
  2 hornets (shapeshifter)
  A meliai zombie (D:10)
  7 tyrant leeches
  9 hydra skeletons
  2 iron dragon simulacra
  A satyr zombie (Crypt:2)
  37 blink frogs
  9 ettin skeletons
  2 raiju (shapeshifter)
  7 alligator zombies
  8 fire dragon zombies
  6 alligator skeletons
  10 ettin zombies
  9 dream sheep
  A frost giant simulacrum (Abyss:2)
  8 vampires
  7 ice dragon skeletons
  A snapping turtle (shapeshifter) (Zig:9)
  314 starcursed masses
  7 air elementals
  93 redbacks
  2 spriggans (shapeshifter)
  3 black mamba zombies
  201 flying skulls
  4 snapping turtles (Zig:19)
  45 tarantellas
  A yak (shapeshifter) (D:14)
  5 tarantellas (shapeshifter)
  59 wraiths
  29 fire elementals
  37 shadows
  5 wyverns
  A dire elephant simulacrum (Coc:5)
  24 ushabtiu
  9 fire dragon skeletons
  30 water elementals
  32 yaks
  3 spriggan skeletons
  72 ynoxinuls
  182 small abominations
  A wyvern (shapeshifter) (Zig:19)
  4 black mamba skeletons
  2 fire bats (shapeshifter)
  12 basilisks
  A hog (shapeshifter) (Abyss:2)
  A human (Depths:2)
  30 fire bats
  4 swamp worm simulacra (Swamp:4)
  A human (shapeshifter) (Abyss:2)
  74 chaos spawn
  49 neqoxecs
  A steam dragon (Lair:2)
  A basilisk (shapeshifter) (WizLab)
  27 golden eyes
  A golden eye (shapeshifter) (Abyss:1)
  A vampire mosquito (D:12)
  30 nagas
  8 swamp worms
  18 hydra simulacra
  3 human zombies
  27 spatial vortices
  32 water moccasins
  15 wargs
  An acid dragon (shapeshifter) (Abyss:3)
  4 acid dragons
  3 cane toad skeletons
  9 floating eyes
  100 hell hounds
  19 ice beasts
  2 black bears
  13 cane toad zombies
  5 sky beasts
  2 swamp dragon zombies
  82 orc warriors
  2 alligator simulacra
  An ice dragon simulacrum (Coc:4)
  2 black bears (shapeshifter) (WizLab)
  An ice beast (shapeshifter) (Zig:14)
  3 fire dragon simulacra
  28 necrophages
  8 snapping turtle zombies
  A black mamba simulacrum (Coc:4)
  21 ogres
  62 wolves
  An elephant skeleton (Crypt:2)
  4 manticore zombies
  5 boggarts
  2 swamp dragon skeletons
  5 snapping turtle skeletons
  23 centaurs
  2 manticore skeletons
  8 phantoms
  A blink frog skeleton (Crypt:1)
  5 lemures (Depths:2)
  11 kobold brigands
  A fire crab zombie (Crypt:1)
  An octopode zombie (Crypt:1)
  12 bullfrogs
  A gnoll sergeant (D:7)
  A cane toad simulacrum (Coc:5)
  A scorpion (D:5)
  10 earth elementals
  9 elf skeletons
  A water moccasin skeleton (D:5)
  A troll zombie (Crypt:2)
  6 electric eels
  81 wights
  A howler monkey (D:6)
  A troll skeleton (Crypt:3)
  18 crimson imps
  A centaur zombie (Geh:2)
  2 bullfrog zombies
  26 quasits
  2 gnoll shamans
  2 hounds
  25 orc priests
  116 iron imps
  7 jellies
  A centaur skeleton (D:4)
  Natasha (thrice) (D:3)
  16 orc wizards
  13 hell rats
  6 lightning spires (Abyss:3)
  4 spriggan simulacra
  2 killer bee zombies (D:6)
  An acid dragon zombie (Crypt:2)
  5 tengu zombies
  2 ogre zombies (Geh:7)
  A centaur simulacrum (Abyss:2)
  An acid dragon skeleton (Crypt:1)
  2 spectral hounds (Depths:2)
  An ogre skeleton (Coc:7)
  A hound skeleton (D:4)
  104 mummies
  9 gnolls
  2 howler monkey zombies
  A steam dragon zombie (Crypt:1)
  7 adders
  A howler monkey skeleton (D:7)
  5 river rats (Sewer)
  15 shadow imps
  40 white imps
  26 ufetubi
  4 swamp drake simulacra (Swamp:4)
  A barachi skeleton (Crypt:1)
  8 dart slugs
  111 orcs
  20 ball pythons
  7 bats
  5 endoplasms
  5 giant cockroaches
  8 hobgoblins
  2 jackals (D:3)
  2 quokkas
  3 frilled lizards
  A frilled lizard zombie (Crypt:1)
  A gnoll skeleton (Crypt:1)
  8 goblins
  52 kobolds
  A kobold zombie (Crypt:2)
  An orc skeleton (Coc:4)
  26 rats
  A bush (Abyss:1)
  4 fire vortices
  11 lurking horrors
  2 plants
  6 snaplasher vines
  47 starspawn tentacles
  9 tentacles
9309 creatures vanquished.

Vanquished Creatures (collateral kills)
  Ereshkigal (Tar:7)
  An ancient lich (Crypt:3)
  4 royal mummies
  2 Killer Klowns
  2 shard shrikes
  2 bone dragons
  2 Tzitzimimeh
  An electric golem (Zot:3)
  2 Brimstone Fiends (Pan)
  2 liches
  A deep elf blademaster (Elf:3)
  2 Hell Sentinels
  An Orb Guardian (Depths:1)
  4 Ice Fiends
  An acid blob (Slime:5)
  2 quicksilver dragons
  A death cob (Zot:5)
  5 Executioners
  A tentacled starspawn (Abyss:1)
  2 ancient champions
  An eldritch tentacle (Coc:7)
  A shadow dragon (Tar:7)
  2 storm dragons (Zot:3)
  A revenant (Abyss:2)
  A draconian monk (Zot:2)
  A rockslime (Slime:2)
  A blood saint (Pan)
  A deep elf sorcerer (Elf:3)
  2 cacodemons (Pan)
  7 balrugs (Pan)
  An iron dragon (Dis:3)
  A black sun (Pan)
  2 deep elf elementalists (Elf:3)
  A warmonger (Pan)
  2 vampire knights
  A draconian annihilator (Zot:2)
  2 corrupters (Pan)
  A war gargoyle (Dis:7)
  An ironbound preserver (Vaults:5)
  An elemental wellspring (Coc:7)
  A green draconian (Zot:2)
  13 reapers
  A red draconian (Zot:2)
  A deep elf demonologist (Elf:3)
  2 deep elf annihilators (Elf:3)
  A black draconian (Zot:3)
  2 lorocyprocas (Pan)
  4 purple draconians
  2 bunyips
  A white draconian (Zot:3)
  An eleionoma (Swamp:3)
  An eidolon (Abyss:1)
  3 deep elf death magi
  4 blizzard demons
  A kraken zombie (Coc:6)
  A quicksilver dragon zombie (Coc:4)
  A deep elf high priest (Elf:3)
  A mummy priest (Tomb:3)
  An ogre mage (Vaults:5)
  A hell beast (Hell)
  2 hydras
  4 ice dragons
  A satyr (shapeshifter) (WizLab)
  A two-headed ogre (Vaults:5)
  A dancing weapon (Elf:2)
  3 death scarabs (Tomb:3)
  3 soul eaters
  2 thrashing horrors
  A deep elf knight (Elf:2)
  7 sun demons (Pan)
  A sixfirhy (Zig:22)
  A wretched star (Zig:22)
  5 iron golems (Dis:3)
  18 skeletal warriors
  3 iron trolls
  An anaconda zombie (Coc:4)
  A spatial maelstrom (Zig:22)
  2 shadow wraiths
  2 gelid demonspawn (Pan)
  3 torturous demonspawn (Pan)
  A swamp dragon (shapeshifter) (Vaults:3)
  A swamp dragon (Swamp:3)
  7 infernal demonspawn (Pan)
  6 shadow demons
  A flayed ghost (Dis:7)
  A glowing orange brain (Zig:22)
  A wizard (Pan)
  A phantasmal warrior (Vaults:5)
  2 necromancers (Crypt:3)
  A deep elf zephyrmancer (Elf:3)
  3 shining eyes
  A stone giant zombie (Dis:7)
  A worldbinder (Abyss:1)
  2 fire giant zombies
  6 moths of wrath
  4 elephants
  A stone giant skeleton (Coc:4)
  A shock serpent zombie (Dis:7)
  A molten gargoyle (Hell)
  2 fire giant skeletons (Coc:4)
  3 smoke demons
  2 cane toads
  4 orange demons
  9 rust devils
  A titan simulacrum (Coc:7)
  An eye of devastation (Slime:2)
  A hellion (D:1)
  5 freezing wraiths
  2 efreet
  10 tormentors
  2 yaktaurs
  2 komodo dragons
  An emperor scorpion zombie (Abyss:1)
  3 guardian mummies (Crypt:2)
  2 hellwings (Pan)
  2 ancient zymes (Zig:22)
  10 red devils
  A polar bear (Lair:4)
  A hydra zombie (Coc:4)
  A tyrant leech (Swamp:1)
  6 slime creatures
  An ettin zombie (Coc:4)
  6 small abominations
  2 ice dragon zombies (Dis:3)
  12 flying skulls
  A redback (Lair:3)
  3 shadows
  A water elemental (Coc:4)
  4 yaks (Lair:5)
  2 ynoxinuls (Pan)
  4 neqoxecs
  3 wraiths
  2 golden eyes
  4 chaos spawn
  9 large abominations
  A floating eye (Pan)
  2 water moccasins
  6 hell hounds
  A cane toad zombie (Coc:7)
  A snapping turtle zombie (Crypt:3)
  An ice beast (Coc:4)
  3 ogres (Vaults:5)
  A boggart (Vaults:1)
  A nameless horror (Pan)
  2 bullfrogs (Lair:5)
  4 wights
  A crimson imp (Abyss:1)
  10 starcursed masses
  14 iron imps
  A hell rat (Hell)
  4 mummies
  A shadow imp (Tar:3)
  7 white imps
  A lurking horror (Abyss:1)
  5 starspawn tentacles
  4 tentacles
413 creatures vanquished.

Vanquished Creatures (others)
  A pandemonium lord (Pan)
  Frederick (Vaults:3)
  A Killer Klown (Zig:17)
  An Ice Fiend (Pan)
  100 eldritch tentacles
  An ancient champion (Dis:3)
  A shadow dragon (Zig:8)
  A fire giant (Depths:4)
  A reaper (Coc:7)
  A very ugly thing (Zig:17)
  A deep elf annihilator (Zig:26)
  A bunyip (Zig:8)
  A blizzard demon (Coc:4)
  2 ice dragons (Coc:7)
  81 dancing weapons
  A storm dragon zombie (Coc:7)
  A hell knight (Vaults:2)
  A storm dragon skeleton (Coc:7)
  A gelid demonspawn (Pan)
  A wizard (Pan)
  A deep elf zephyrmancer (Elf:3)
  A kobold demonologist (Abyss:1)
  6 smoke demons
  2 hellwings (Pan)
  4 bloated husks
  2 raiju
  A redback (Spider:1)
  3 air elementals
  2 ynoxinuls (Pan)
  6 flying skulls
  A spriggan (Swamp:4)
  A shadow (Geh:2)
  A wraith (Abyss:2)
  2 chaos spawn (Pan)
  A swamp worm (Swamp:4)
  4 large abominations
  6 small abominations
  A kobold brigand (Abyss:1)
  2 jellies
  A nameless horror (Vaults:3)
  A human skeleton (Geh:7)
  A hell rat (Hell)
  2 white imps
  An ufetubus (Abyss:3)
  2 kobolds
  10 ball lightnings
  A butterfly (Depths:1)
  10 demonic plants
  5 fire vortices
  40 foxfires
  44 fungi
  4 lurking horrors
  91 plants
  24 snaplasher vines
  121 starspawn tentacles
  35 tentacles
640 creatures vanquished.

Grand Total: 10362 creatures vanquished

Notes
Turn   | Place    | Note
-------+----------+-------------------------------------------
     0 | D:1      | AarnesTheHuman the Octopode Transmuter began the quest for
                  | the Orb.
     0 | D:1      | Reached XP level 1. HP: 13/13 MP: 3/3
   228 | D:1      | Reached skill level 1 in Stealth
   279 | D:1      | Reached XP level 2. HP: 14/18 MP: 3/5
   405 | D:1      | Learned a level 2 spell: Wereblood
  1303 | D:2      | Reached XP level 3. HP: 22/23 MP: 4/6
  1891 | D:2      | Reached XP level 4. HP: 21/28 MP: 8/8
  2172 | D:2      | Found a runed translucent door.
  2173 | D:2      | Noticed Crazy Yiuf
  2426 | D:2      | Found a stormy altar of Qazlal.
  3075 | D:3      | Noticed Natasha
  3083 | D:3      | Killed Natasha
  3097 | D:3      | Found a glowing drain.
  3164 | Sewer    | Entered a sewer
  3227 | Sewer    | Learned a level 3 spell: Spider Form
  3253 | Sewer    | Reached XP level 5. HP: 33/33 MP: 2/10
  3333 | Sewer    | Noticed a kobold brigand
  3339 | Sewer    | Killed a kobold brigand
  3460 | Sewer    | Reached XP level 6. HP: 16/38 MP: 9/12
  3469 | Sewer    | Learned a level 4 spell: Ice Form
  3665 | Sewer    | Reached skill level 1 in Ice Magic
  3725 | Sewer    | Reached skill level 5 in Transmutations
  3873 | Sewer    | Reached XP level 7. HP: 39/43 MP: 13/13
  4476 | D:3      | Found a sacrificial altar of Ru.
  4476 | D:3      | Noticed Natasha
  4486 | D:3      | Killed Natasha
  4617 | D:3      | Noticed Natasha
  4631 | D:3      | Killed Natasha
  4706 | D:3      | Found Koniffoy's Armour Boutique.
  4732 | D:3      | Found a faded altar of an unknown god.
  5136 | D:3      | Found an opulent altar of Gozag.
  5136 | D:3      | Found a sparkling altar of Nemelex Xobeh.
  5144 | D:3      | Found an ornate altar of the Wu Jian Council.
  5146 | D:3      | Found a faded altar of an unknown god.
  5148 | D:3      | Found a shadowy altar of Dithmenos.
  5166 | D:3      | Became a worshipper of Gozag Ym Sagoz the Greedy
  6010 | D:5      | Entered Level 5 of the Dungeon
  6236 | D:5      | Found Retzoul's Distillery.
  6246 | D:5      | Bought a potion of heal wounds for 60 gold pieces
  6246 | D:5      | Bought a potion of curing for 36 gold pieces
  6535 | D:5      | Found an iron altar of Okawaru.
  6767 | D:5      | Found a burning altar of Makhleb.
  6771 | D:5      | Found a shimmering altar of Xom.
  6896 | D:5      | Reached XP level 8. HP: 48/48 MP: 11/15
  6944 | D:5      | Reached skill level 5 in Ice Magic
  7147 | D:6      | Reached skill level 5 in Spellcasting
  7920 | D:6      | Found Ketamosh's Antique Weapon Shoppe.
  8371 | D:7      | Reached XP level 9. HP: 52/58 MP: 12/18
  8583 | D:6      | Learned a level 1 spell: Animate Skeleton
  8816 | D:7      | Found a bloodstained altar of Trog.
  8928 | D:7      | Found a staircase to the Ecumenical Temple.
  9337 | D:7      | Found a runed translucent door.
  9337 | D:7      | Noticed a sixfirhy
  9430 | D:8      | Found a runed translucent door.
  9433 | D:8      | Noticed a boulder beetle
  9433 | D:8      | Noticed a meliai
  9434 | D:8      | Noticed a centaur warrior
  9434 | D:8      | Found a runed translucent door.
  9434 | D:8      | Found a runed translucent door.
  9647 | D:8      | Noticed Prince Ribbit
  9701 | D:8      | Killed Prince Ribbit
  9900 | D:8      | Noticed a boulder beetle
 10434 | D:8      | Reached skill level 5 in Fighting
 10833 | D:8      | Reached skill level 5 in Unarmed Combat
 10858 | D:8      | Noticed a purple ugly thing
 10868 | D:8      | Killed a purple ugly thing
 10869 | D:8      | Reached XP level 10. HP: 31/66 MP: 16/22
 10873 | D:8      | HP: 2/79 [boulder beetle (23)]
 10896 | D:8      | Killed a boulder beetle
 11159 | D:8      | Identified the +7 morningstar of Derol {protect, Dex+3}
 11162 | D:8      | Identified the +1 scale mail of Duty {rCorr Int+3}
 11427 | D:9      | Found a transporter.
 11428 | D:9      | Found a transporter.
 11431 | D:9      | Noticed a boulder beetle
 11516 | D:9      | Found a hide-covered altar of Uskayaw.
 11740 | D:9      | Noticed a cyclops
 11975 | D:9      | Found a blossoming altar of Fedhas.
 12357 | D:10     | Entered Level 10 of the Dungeon
 12410 | D:10     | Noticed Fannar
 12466 | D:10     | Noticed a two-headed ogre
 12576 | D:10     | Noticed a gargoyle
 12588 | D:10     | Killed a gargoyle
 13632 | D:11     | Reached skill level 1 in Evocations
 13796 | D:11     | Noticed a death yak
 13796 | D:11     | Noticed an unseen horror
 13812 | D:11     | Killed an unseen horror
 13815 | D:11     | Killed a death yak
 13816 | D:11     | Reached XP level 11. HP: 74/74 MP: 24/24
 13818 | D:11     | Noticed a death yak
 13820 | D:11     | Noticed a death yak
 13831 | D:11     | Killed a death yak
 13831 | D:11     | Noticed a cyclops
 13832 | D:11     | Reached skill level 5 in Dodging
 13838 | D:11     | Killed a death yak
 14136 | D:11     | Killed a cyclops
 14155 | D:11     | Found a staircase to the Lair.
 14279 | D:11     | Found Humuobeg's Armour Boutique.
 14321 | D:11     | Found Piov's Weapon Boutique.
 14439 | D:11     | Noticed a wizard
 14444 | D:11     | Killed a wizard
 14462 | D:11     | Learned a level 1 spell: Sandblast
 14486 | D:11     | Identified a scroll of acquirement
 14492 | D:11     | Learned a level 2 spell: Passwall
 14492 | D:11     | Acquired 1002 gold pieces
 14513 | D:11     | Bought a wand of iceblast (7) for 88 gold pieces
 14979 | D:5      | Bought a potion of heal wounds for 60 gold pieces
 15121 | Lair:1   | Entered Level 1 of the Lair of Beasts
 15156 | D:11     | Reached skill level 1 in Earth Magic
 15312 | Lair:1   | Noticed a five-headed hydra
 15324 | Lair:1   | Killed a five-headed hydra
 15735 | Lair:1   | Learned a level 3 spell: Frozen Ramparts
 15740 | Lair:1   | Learned a level 4 spell: Summon Ice Beast
 16070 | Lair:1   | Noticed Sonja
 16373 | Lair:1   | Reached skill level 5 in Earth Magic
 16373 | Lair:1   | Reached XP level 12. HP: 84/84 MP: 25/25
 16679 | Lair:1   | Acquired the +0 hat of Konax {rN++ Will+ Str+2}
 17371 | Lair:2   | Found an iron altar of Okawaru.
 17452 | Lair:2   | Noticed a seven-headed hydra
 17458 | Lair:2   | Killed a seven-headed hydra
 17459 | Lair:2   | Noticed an eight-headed hydra
 17785 | Lair:2   | Killed an eight-headed hydra
 18035 | Lair:1   | Reached skill level 10 in Spellcasting
 18057 | Lair:1   | Learned a level 6 spell: Statue Form
 19026 | D:11     | Bought a potion of heal wounds for 60 gold pieces
 19154 | Lair:3   | Found a staircase to the Swamp.
 19308 | Lair:3   | Found a hole to the Spider Nest.
 19564 | Lair:3   | You fall into a shaft and drop 3 floors!
 19564 | Lair:6   | Entered Level 6 of the Lair of Beasts
 19579 | Lair:6   | Found a staircase to the Slime Pits.
 19579 | Lair:6   | Found a viscous altar of Jiyva.
 19824 | Lair:5   | Reached XP level 13. HP: 90/90 MP: 27/27
 20013 | Lair:4   | Found a gate leading to a gauntlet.
 20022 | Gauntlet | Entered a Gauntlet
 20022 | Gauntlet | Found a transporter.
 20032 | Gauntlet | Found a transporter.
 20033 | Gauntlet | Found a transporter.
 20041 | Gauntlet | Found a transporter.
 20045 | Gauntlet | Found a transporter.
 20053 | Gauntlet | Found a transporter.
 20057 | Gauntlet | Found a transporter.
 20069 | Gauntlet | Found a transporter.
 20070 | Gauntlet | Found a transporter.
 20071 | Gauntlet | Noticed an entropy weaver
 20073 | Gauntlet | Found a runed translucent door.
 20074 | Gauntlet | Found a runed translucent door.
 20077 | Gauntlet | Found a transporter.
 20108 | Gauntlet | Found a transporter.
 20120 | Gauntlet | Found a transporter.
 20133 | Gauntlet | Found a transporter.
 20146 | Gauntlet | Found a transporter.
 20293 | Gauntlet | Learned a level 5 spell: Lee's Rapid Deconstruction
 20966 | Gauntlet | Noticed a minotaur
 20986 | Gauntlet | Killed a minotaur
 21137 | Lair:4   | Found a hide-covered altar of Uskayaw.
 21137 | Lair:4   | Found an ornate altar of the Wu Jian Council.
 21380 | Lair:4   | Noticed Urug
 21386 | Lair:4   | Killed Urug
 21387 | Lair:4   | Reached skill level 10 in Transmutations
 21455 | Lair:4   | Reached skill level 10 in Fighting
 22234 | Lair:5   | Identified the +8 chain mail of Ophaefif {+Blink rCorr
                  | Int+3}
 22522 | Lair:5   | Reached XP level 14. HP: 99/99 MP: 24/29
 23338 | Lair:5   | Found a broken altar of Ashenzari.
 23421 | Lair:5   | Learned a level 7 spell: Dragon Form
 23459 | Lair:6   | Noticed Nessos
 24059 | Lair:6   | Killed Nessos
 24736 | Lair:6   | Reached XP level 15. HP: 108/108 MP: 29/31
 24753 | Lair:6   | Reached skill level 10 in Unarmed Combat
 25707 | D:12     | Found Xaonitegu's Book Emporium.
 26280 | D:12     | Found a staircase to the Orcish Mines.
 26606 | D:13     | Noticed Maurice
 26615 | D:13     | Killed Maurice
 26622 | D:13     | Found the +27 Lear's hauberk
 26690 | D:13     | Found a runed translucent door.
 26818 | D:13     | Found the +10 tower shield of Ignorance {rN+ Int-4}
 26870 | D:13     | Found a runed translucent door.
 26994 | D:13     | Found a gate to the Vaults.
 27508 | D:13     | Learned a level 3 spell: Stone Arrow
 28582 | D:15     | Entered Level 15 of the Dungeon
 28636 | D:15     | Reached skill level 15 in Transmutations
 28641 | D:15     | Reached XP level 16. HP: 104/117 MP: 27/33
 28925 | D:15     | Found a staircase to the Depths.
 29812 | D:11     | Bought a ring of willpower for 500 gold pieces
 29867 | Orc:1    | Entered Level 1 of the Orcish Mines
 29894 | Orc:1    | You are sucked into a shaft and drop 1 floor!
 29894 | Orc:2    | Entered Level 2 of the Orcish Mines
 29899 | Orc:2    | Found Vifuen's Magic Scroll Shoppe.
 29904 | Orc:2    | Found a shimmering altar of Xom.
 30412 | Orc:2    | Found Uqun Jyr's Weapon Shop.
 30440 | Orc:2    | Found a staircase to the Elven Halls.
 30730 | Orc:2    | Found Ollumosi's Magic Scroll Shop.
 30988 | Orc:2    | Found Xishrurirch's Jewellery Shoppe.
 30994 | Orc:2    | Found Jang's Antique Weapon Shoppe.
 31019 | Orc:2    | Found Ciull's Jewellery Shoppe.
 31558 | Orc:2    | Found Moram's Antique Armour Boutique.
 31615 | Orc:2    | Found Ahoap's Antique Weapon Shop.
 31806 | Orc:2    | Found Dehof's Antique Armour Shop.
 32174 | Orc:2    | Bought a scroll of acquirement for 572 gold pieces
 32180 | Orc:2    | Acquired 1222 gold pieces
 32190 | Orc:2    | Bought a scroll of teleportation for 33 gold pieces
 32278 | Orc:2    | Bought a ring of protection from fire for 325 gold pieces
 32278 | Orc:2    | Bought a ring of ice for 325 gold pieces
 32297 | Orc:2    | Bought a ring of willpower for 350 gold pieces
 32446 | D:11     | Bought the ring of Puxkepe {rPois rCorr SInv} for 736 gold
                  | pieces
 32686 | Swamp:1  | Entered Level 1 of the Swamp
 32706 | Swamp:1  | Reached skill level 1 in Shields
 34366 | Swamp:2  | Reached XP level 17. HP: 124/124 MP: 29/34
 35410 | Swamp:2  | Learned a level 5 spell: Summon Mana Viper
 35422 | Swamp:3  | Noticed Nikola
 35619 | Swamp:2  | Killed Nikola
 35620 | Swamp:2  | Reached skill level 1 in Hexes
 35620 | Swamp:2  | Reached skill level 1 in Summonings
 36671 | Swamp:4  | Entered Level 4 of the Swamp
 37029 | Swamp:4  | Identified the +5 kite shield "Osael" {rPois rCorr}
 37029 | Swamp:4  | Noticed Donald
 37096 | Swamp:4  | Killed Donald
 37925 | Swamp:4  | Reached skill level 5 in Summonings
 38876 | Swamp:4  | Reached skill level 5 in Shields
 39529 | Swamp:4  | Got a decaying rune of Zot
 39714 | Spider:1 | Entered Level 1 of the Spider Nest
 40266 | Spider:1 | Reached skill level 15 in Fighting
 40936 | Spider:1 | Reached XP level 18. HP: 134/134 MP: 28/36
 42784 | Spider:1 | Learned a level 5 spell: Freezing Cloud
 42789 | Spider:1 | Learned a level 2 spell: Poisonous Vapours
 43086 | Spider:2 | Reached skill level 1 in Air Magic
 43300 | Spider:2 | Reached skill level 1 in Conjurations
 44223 | Spider:3 | Noticed Arachne
 44237 | Spider:3 | Killed Arachne
 44371 | Spider:3 | Noticed Jorgrun
 44382 | Spider:3 | Killed Jorgrun
 45895 | D:11     | Bought a manual of Fighting for 1360 gold pieces
 45990 | Spider:4 | Entered Level 4 of the Spider Nest
 46787 | Spider:4 | Reached skill level 5 in Conjurations
 47664 | Spider:4 | Reached XP level 19. HP: 143/143 MP: 32/37
 48368 | Spider:4 | Got a gossamer rune of Zot
 48751 | Vaults:1 | Entered Level 1 of the Vaults
 48989 | Vaults:1 | Identified the +0 plate armour of Terror {rPois}
 49223 | Vaults:1 | Reached skill level 15 in Spellcasting
 50017 | Vaults:2 | Found Tar Kih's General Store.
 50143 | Vaults:2 | Noticed Margery
 50399 | Vaults:2 | Identified the +1 battleaxe of the Shining Light {elec,
                  | SInv}
 50463 | Vaults:1 | Killed Margery
 52242 | Vaults:2 | Found a runed translucent gate.
 52242 | Vaults:2 | Found a runed translucent gate.
 52242 | Vaults:2 | Found a runed translucent gate.
 52243 | Vaults:2 | Noticed mantisjm's ghost (veteran HOFi)
 52303 | Vaults:2 | Reached XP level 20. HP: 153/153 MP: 39/39
 52635 | Vaults:2 | Reached skill level 10 in Shields
 53340 | Vaults:2 | Killed mantisjm's ghost
 53645 | Vaults:2 | Acquired 705 gold pieces
 54215 | Vaults:3 | HP: 8/202 [large slime creature (28)]
 54594 | Vaults:3 | Noticed Frederick
 54759 | Vaults:3 | Killed Frederick
 55567 | Vaults:2 | Learned a level 5 spell: Irradiate
 55599 | Vaults:3 | Found a staircase to the Crypt.
 57231 | Vaults:4 | Found Gaxtus's Book Shop.
 57231 | Vaults:4 | Identified the ring of Xaudag {rElec rF- rC+ rCorr Slay+4}
 57283 | Vaults:4 | Reached XP level 21. HP: 162/162 MP: 32/41
 58290 | Elf:1    | Entered Level 1 of the Elven Halls
 59916 | Elf:2    | Noticed Saint Roka
 59953 | Elf:2    | Killed Saint Roka
 60093 | Elf:2    | Found a runed translucent door.
 60117 | Elf:2    | Found a runed translucent door.
 61804 | Elf:2    | Found a runed translucent door.
 62404 | Elf:3    | Entered Level 3 of the Elven Halls
 63237 | Elf:3    | Reached skill level 5 in Evocations
 63282 | Elf:3    | Reached XP level 22. HP: 171/171 MP: 27/43
 63488 | Elf:3    | Identified the +10 spear "Xufanwuz" {drain, rF+ MP-9 Int+2}
 63488 | Elf:3    | Identified the ring "Ired" {+Blink rPois rF- rC+ Stlth+}
 63892 | Elf:3    | Reached skill level 10 in Dodging
 63893 | Elf:3    | Identified the +1 leather armour "Daira" {Rampage}
 63899 | Elf:3    | Identified the +6 rapier of Instant Death {distort, rC+
                  | Str+5}
 64140 | Elf:3    | Identified the +2 hand axe "Pendulum" {freeze, Fragile
                  | rPois rF++ rC+}
 64431 | Elf:3    | Reached skill level 5 in Stealth
 64710 | Elf:3    | Identified the +4 scale mail "Golopaiss" {rElec rF++ Str-5}
 64732 | Elf:3    | Got the Incunabulum of the Seven Orbs
 65002 | Orc:2    | Bought a scroll of blinking for 112 gold pieces
 65195 | Depths:1 | Entered Level 1 of the Depths
 65195 | Depths:1 | Found a one-way gate to the infinite horrors of the Abyss.
 65286 | Depths:1 | Found a gateway to Hell.
 65297 | Depths:1 | Found a white marble altar of Elyvilon.
 65331 | Depths:1 | Found Toulalemn's General Store.
 65356 | Depths:1 | Found a magical portal.
 65367 | WizLab   | Entered Cigotuvi's Fleshworks
 65558 | WizLab   | Paralysed by a floating eye for 2 turns
 65646 | WizLab   | Identified the ring "Suxal" {Fire rPois rCorr}
 65720 | WizLab   | Got Cigotuvi's Catalogue of Transformation and Darkness
 67456 | Depths:1 | Reached XP level 23. HP: 176/176 MP: 45/45
 67633 | Depths:2 | Reached skill level 15 in Shields
 67695 | Depths:2 | Noticed a caustic shrike
 67703 | Depths:2 | Killed a caustic shrike
 68041 | Depths:2 | Noticed a caustic shrike
 68045 | Depths:2 | Noticed a caustic shrike
 68050 | Depths:2 | Killed a caustic shrike
 68053 | Depths:2 | Killed a caustic shrike
 68151 | Depths:2 | Found a one-way gate leading to the halls of Pandemonium.
 68939 | D:11     | Bought the ring "Maufyfo" {rC+ Str+3 Slay+4} for 1277 gold
                  | pieces
 69107 | Depths:3 | Noticed Rupert
 69557 | Depths:3 | Reached skill level 15 in Unarmed Combat
 70275 | Depths:2 | Learned a level 4 spell: Summon Lightning Spire
 70598 | Depths:3 | Found Tefen's Assorted Antiques.
 70817 | Depths:2 | Killed Rupert
 70924 | Depths:3 | Found a blossoming altar of Fedhas.
 71137 | Depths:3 | Got the Papyrus of Sinister Secrets
 71456 | Depths:3 | Learned a level 5 spell: Metabolic Englaciation
 71604 | Depths:4 | Found an ornate altar of the Wu Jian Council.
 71835 | Depths:4 | Reached XP level 24. HP: 184/184 MP: 42/46
 73086 | Depths:5 | Entered Level 5 of the Depths
 73163 | Depths:5 | Noticed a juggernaut
 73176 | Depths:5 | Killed a juggernaut
 73409 | Depths:5 | Found a gateway to a ziggurat.
 73552 | Depths:5 | Learned a level 4 spell: Passage of Golubria
 73983 | Depths:5 | Found a gate to the Realm of Zot.
 75131 | Depths:5 | Noticed a caustic shrike
 75131 | Depths:5 | Noticed a caustic shrike
 75131 | Depths:5 | Noticed a caustic shrike
 75138 | Depths:5 | Killed a caustic shrike
 75142 | Depths:5 | Killed a caustic shrike
 75145 | Depths:5 | Killed a caustic shrike
 75698 | Depths:5 | Identified the +10 war axe "Dekla" {protect, rF+ rC+ rCorr}
 76058 | D:11     | Learned a level 4 spell: Airstrike
 76142 | D:11     | Bought the Compendium of Heat and the Compass for 476 gold
                  | pieces
 76235 | Vaults:1 | Learned a level 5 spell: Summon Forest
 76422 | Vaults:5 | Entered Level 5 of the Vaults
 76711 | Vaults:4 | Reached XP level 25. HP: 192/192 MP: 39/47
 76716 | Vaults:4 | Reached skill level 1 in Translocations
 76881 | Vaults:5 | Noticed Jory
 77310 | Vaults:5 | Identified the +1 leather armour of the Sun {rElec Slay+2}
 77555 | Vaults:4 | Killed Jory
 77737 | Vaults:4 | Acquired the -2 hat of the Alchemist {rElec rPois rF+ rC+
                  | rN+ Will+ rMut rCorr}
 77737 | Vaults:4 | Found the -2 hat of the Alchemist {rElec rPois rF+ rC+ rN+
                  | Will+ rMut rCorr}
 77768 | Vaults:4 | Reached skill level 5 in Translocations
 78529 | Vaults:5 | Noticed an ancient lich
 78540 | Vaults:5 | Killed an ancient lich
 78638 | Vaults:5 | Acquired the +7 tower shield of the Kettle-Drum {rC+ MP+9
                  | Slay+3}
 78805 | Vaults:5 | Found Gotsyil's Antique Armour Boutique.
 78842 | Vaults:5 | Reached skill level 10 in Earth Magic
 79113 | Vaults:5 | Got the Incunabulum of the Monk
 79216 | Vaults:5 | Identified the +3 halberd "Weamiug" {pain, Dex+4}
 79527 | Vaults:5 | Found the +9 sword of Zonguldrok {reap}
 79642 | Vaults:5 | Found Gotsyil's Antique Armour Boutique.
 80418 | Vaults:5 | Got a silver rune of Zot
 80557 | Vaults:5 | Identified the +1 leather armour of Cuikkeve {Contam rCorr
                  | Str+4 SInv}
 81128 | Zot:1    | Entered Level 1 of the Realm of Zot
 81188 | Zot:1    | Reached XP level 26. HP: 201/201 MP: 47/47
 83083 | Zot:1    | Reached skill level 5 in Air Magic
 83525 | Slime:1  | Entered Level 1 of the Pits of Slime
 83635 | Slime:2  | Gained mutation: You sometimes lose the ability to read
                  | scrolls when taking damage. [a shining eye]
 83906 | Vaults:3 | Lost mutation: You sometimes lose the ability to read
                  | scrolls when taking damage. [potion of mutation]
 83906 | Vaults:3 | Gained mutation: Your spells are a little harder to cast,
                  | but a little more powerful. [potion of mutation]
 83906 | Vaults:3 | Gained mutation: One of your tentacles bears a spike.
                  | [potion of mutation]
 83906 | Vaults:3 | Gained mutation: You are partially covered in iridescent
                  | scales. (AC +2) [potion of mutation]
 83920 | Vaults:3 | Learned a level 5 spell: Manifold Assault
 85037 | Slime:4  | Gained mutation: You do not regenerate when monsters are
                  | visible. [a shining eye]
 85091 | Slime:3  | Gained mutation: You tend to lose your temper in combat. [a
                  | shining eye]
 85151 | Lair:6   | Lost mutation: You tend to lose your temper in combat.
                  | [potion of mutation]
 85151 | Lair:6   | Lost mutation: You are partially covered in iridescent
                  | scales. (AC +2) [potion of mutation]
 85151 | Lair:6   | Lost mutation: You do not regenerate when monsters are
                  | visible. [potion of mutation]
 85151 | Lair:6   | Gained mutation: Your body sometimes deteriorates upon
                  | taking damage. [potion of mutation]
 85151 | Lair:6   | Gained mutation: Your mind is acute. (Int +2) [potion of
                  | mutation]
 85243 | Slime:5  | Entered Level 5 of the Pits of Slime
 85348 | Slime:4  | Gained mutation: You expend magic power (3 MP) to
                  | strengthen your wands. [a shining eye]
 86134 | Slime:5  | Noticed the Royal Jelly
 86171 | Slime:5  | Killed the Royal Jelly
 86172 | Slime:5  | Reached XP level 27. HP: 207/207 MP: 48/48
 86359 | Slime:5  | Found the necklace of Bloodlust {*Rage +Rage Will++ Int-3
                  | Slay+6}
 86363 | Slime:5  | Identified the ring of Puelu {Fire rElec Stlth+}
 86403 | Slime:5  | Got a slimy rune of Zot
 86417 | Slime:5  | Identified the +1 troll leather armour "Iwol" {*Slow rPois
                  | Regen+ SInv}
 86430 | Slime:5  | Got the Guide on Scorching Conjuration
 86452 | Slime:5  | Identified the +10 great sword of the Shimmering Augurer
                  | {flame, rElec rN+}
 86459 | Slime:5  | Identified the +1 scale mail of Muttered Phrases {Str-5
                  | Dex+6 SInv}
 87192 | D:11     | Bought 2 potions of heal wounds for 200 gold pieces
 87288 | Depths:1 | Voluntarily entered the Abyss.
 87361 | Abyss:2  | Found a corrupted altar of Lugonu.
 87588 | Abyss:2  | Paralysed by accursed screaming for 1 turns
 87684 | Abyss:3  | Found a corrupted altar of Lugonu.
 88005 | Abyss:3  | Reached skill level 10 in Translocations
 88022 | Abyss:3  | Got an abyssal rune of Zot
 88152 | Depths:1 | Escaped the Abyss
 88250 | D:11     | Bought a potion of brilliance for 80 gold pieces
 89251 | Hell     | Entered the Vestibule of Hell
 89251 | Hell     | Noticed Geryon
 90789 | Hell     | Killed Geryon
 91015 | Hell     | Found a gateway to the ashen valley of Gehenna.
 91258 | Hell     | Found a gateway to the Iron City of Dis.
 91340 | Hell     | Reached skill level 10 in Summonings
 91723 | Hell     | Found a gateway to the decaying netherworld of Tartarus.
 92000 | Hell     | Found a gateway to the freezing wastes of Cocytus.
 92184 | Coc:1    | Entered Level 1 of Cocytus
 92401 | Crypt:1  | Entered Level 1 of the Crypt
 94474 | Crypt:2  | Identified the +6 spear "Meoll" {venom, rElec rF+ rCorr
                  | Stlth-}
 95028 | Crypt:3  | Entered Level 3 of the Crypt
 95264 | Crypt:3  | Noticed an ancient lich
 95278 | Crypt:3  | Killed an ancient lich
 95693 | Crypt:3  | Learned a level 7 spell: Malign Gateway
 95865 | Crypt:3  | Found a basalt altar of Yredelemnul.
 95917 | Crypt:3  | Identified the +6 demon trident "Trog's Wrath" {venom,
                  | rN+++ Str-4 SInv Stlth+}
 96223 | Crypt:3  | Found a staircase to the Tomb.
 96378 | Crypt:3  | Acquired 1061 gold pieces
 96597 | Crypt:3  | Identified the +3 shortbow "Izen" {freeze, rF+}
 98141 | Coc:6    | Found a huge runed gate.
 98141 | Coc:6    | Found a huge runed gate.
 98141 | Coc:6    | Found a huge runed gate.
 98141 | Coc:6    | Found a huge runed gate.
 98141 | Coc:6    | Found a huge runed gate.
 99277 | Coc:7    | Entered Level 7 of Cocytus
 99295 | Coc:7    | Noticed the Serpent of Hell
 99321 | Coc:7    | Killed the Serpent of Hell
102691 | Coc:7    | Noticed Antaeus
102720 | Coc:7    | Killed Antaeus
102781 | Coc:7    | Got an icy rune of Zot
103047 | Coc:7    | Identified the +12 mace "Agaset" {vorpal, rF- rCorr Str+4
                  | SInv}
103047 | Coc:7    | Identified the +2 robe of the Spheres {Int+2 Dex+4}
103052 | Coc:7    | Identified the +6 long sword "Juck" {venom, Will+ Dex+3}
103444 | D:11     | Bought the ring of Egomania {EV+4 Int+6} for 889 gold
                  | pieces
103614 | Pan      | Entered Pandemonium
103662 | Pan      | Noticed Fiottot the pandemonium lord
103669 | Pan      | Killed Fiottot the pandemonium lord
104109 | Pan      | Noticed Lusy the pandemonium lord
104140 | Pan      | Killed Lusy the pandemonium lord
104459 | Pan      | Noticed Gur Litz the pandemonium lord
104461 | Pan      | Killed Gur Litz the pandemonium lord
104620 | Pan      | Noticed Fipraen the pandemonium lord
104631 | Pan      | Killed Fipraen the pandemonium lord
104818 | Pan      | Acquired 581 gold pieces
105100 | Pan      | Found an exit through the horrors of the Abyss.
105471 | Pan      | Found an exit through the horrors of the Abyss.
105682 | Pan      | Noticed Waczust the pandemonium lord
105682 | Pan      | Found a huge runed translucent gate.
105682 | Pan      | Found a huge runed translucent gate.
105682 | Pan      | Found a huge runed translucent gate.
105682 | Pan      | Found a huge runed translucent gate.
105682 | Pan      | Found a huge runed translucent gate.
105682 | Pan      | Found a huge runed translucent gate.
105682 | Pan      | Found a huge runed translucent gate.
105682 | Pan      | Found a huge runed translucent gate.
105682 | Pan      | Found a huge runed translucent gate.
105682 | Pan      | Found a huge runed translucent gate.
105682 | Pan      | Found a huge runed translucent gate.
105682 | Pan      | Found a huge runed translucent gate.
105682 | Pan      | Found a huge runed translucent gate.
105682 | Pan      | Found a huge runed translucent gate.
105682 | Pan      | Found a huge runed translucent gate.
105689 | Pan      | Killed Waczust the pandemonium lord
105705 | Pan      | Found a huge runed translucent gate.
105705 | Pan      | Found a huge runed translucent gate.
105705 | Pan      | Found a huge runed translucent gate.
105705 | Pan      | Found a huge runed translucent gate.
105709 | Pan      | Found a huge runed translucent gate.
105709 | Pan      | Found a huge runed translucent gate.
105749 | Pan      | Identified the +3 buckler of the Sea {rElec rF+}
105814 | Pan      | Identified the +1 pair of boots of Isats {rF+}
105855 | Pan      | Found an exit through the horrors of the Abyss.
105874 | Pan      | Entered the realm of Gloorx Vloq.
106160 | Pan      | Noticed Gloorx Vloq
106172 | Pan      | Killed Gloorx Vloq
106192 | Pan      | Got a dark rune of Zot
106241 | Pan      | Entered the realm of Cerebov.
106532 | Pan      | Identified the ring "Diukkaco" {rPois rN+ Int-3 SInv
                  | Stlth+}
106535 | Pan      | Found an exit through the horrors of the Abyss.
106774 | Pan      | Acquired 877 gold pieces
107406 | Pan      | Found the +6 sword of Cerebov {flame}
107406 | Pan      | Noticed Cerebov
107430 | Pan      | Killed Cerebov
107465 | Pan      | Identified the +3 flail "Irchileill" {vorpal, SInv}
107545 | Pan      | Got a fiery rune of Zot
107704 | Pan      | Entered the realm of Mnoleg.
107927 | Pan      | Gained mutation: Your body often deteriorates upon taking
                  | damage. [a neqoxec]
107927 | Pan      | Lost mutation: Your spells are a little harder to cast, but
                  | a little more powerful. [a shining eye]
107955 | Pan      | Paralysed by a floating eye for 4 turns
107957 | Pan      | Lost mutation: Your mind is acute. (Int +2) [a neqoxec]
108013 | Pan      | Noticed Mnoleg
108025 | Pan      | Killed Mnoleg
108090 | Pan      | Got a glowing rune of Zot
108172 | Pan      | Got Ishraso Nauxe's Reference Book on Lightness and Clay
108275 | Pan      | Entered the realm of Lom Lobon.
108353 | Pan      | Noticed Mennas
108375 | Pan      | Killed Mennas
108838 | Pan      | Noticed Lom Lobon
108861 | Pan      | Killed Lom Lobon
108908 | Pan      | Got a magical rune of Zot
109263 | Pan      | Noticed Gexyeg the pandemonium lord
109281 | Pan      | Killed Gexyeg the pandemonium lord
109330 | Pan      | Noticed Joytumink the pandemonium lord
109338 | Pan      | Killed Joytumink the pandemonium lord
109496 | Pan      | Noticed Fivafo Cimye the pandemonium lord
109530 | Pan      | Killed Fivafo Cimye the pandemonium lord
109664 | Pan      | Got a demonic rune of Zot
109756 | Pan      | Found an exit through the horrors of the Abyss.
109805 | Pan      | Took an exit into the Abyss.
109805 | Abyss:1  | Escaped into the Abyss
109845 | Depths:2 | Escaped the Abyss
110013 | D:11     | Bought a scroll of fog for 40 gold pieces
110013 | D:11     | Bought a scroll of fog for 40 gold pieces
110203 | Dis:1    | Entered Level 1 of the Iron City of Dis
112024 | Dis:3    | Learned a level 8 spell: Necromutation
112058 | Dis:5    | Reached skill level 1 in Necromancy
112218 | Dis:5    | Reached skill level 5 in Necromancy
112437 | Dis:7    | Entered Level 7 of the Iron City of Dis
112621 | Dis:7    | Learned a level 7 spell: Ozocubu's Refrigeration
113309 | Dis:7    | Reached skill level 10 in Ice Magic
114045 | Dis:7    | Found the +4 staff of Dispater
114045 | Dis:7    | Noticed Dispater
114068 | Dis:7    | Killed Dispater
114098 | Dis:7    | Got the Incunabulum of Supportive Battle Magic
114102 | Dis:7    | Got an iron rune of Zot
114103 | Dis:7    | Identified the ring "Pafushri" {rN+ rCorr Int-3 SInv}
114231 | Dis:7    | Reached skill level 15 in Translocations
114524 | Dis:7    | Identified the +9 hunting sling "Qiphaa" {freeze, rElec}
115242 | Dis:7    | Reached skill level 27 in Spellcasting
115926 | D:11     | Bought 2 potions of haste for 400 gold pieces
116280 | Geh:1    | Entered Level 1 of Gehenna
116322 | Tar:1    | Entered Level 1 of Tartarus
117237 | Tar:3    | Reached skill level 15 in Ice Magic
117284 | Tar:3    | Reached skill level 15 in Dodging
117755 | Depths:4 | Voluntarily entered the Abyss.
117816 | Abyss:1  | Found a corrupted altar of Lugonu.
117926 | Abyss:1  | Paralysed by accursed screaming for 1 turns
117982 | Abyss:1  | Paralysed by accursed screaming for 2 turns
117988 | Abyss:1  | Paralysed by accursed screaming for 1 turns
118150 | Abyss:1  | Found a runed translucent door.
119015 | Abyss:1  | Learned a level 9 spell: Polar Vortex
119622 | Abyss:2  | Found a corrupted altar of Lugonu.
121729 | Abyss:3  | Identified the +7 shortbow "Nourigai" {freeze, *Corrode rC+
                  | Int+5 Dex+4}
122135 | Abyss:3  | Gained mutation: Your spells are a little easier to cast,
                  | but a little less powerful. [a neqoxec]
122147 | Abyss:3  | Lost mutation: Your spells are a little easier to cast, but
                  | a little less powerful. [potion of mutation]
122147 | Abyss:3  | Lost mutation: One of your tentacles bears a spike. [potion
                  | of mutation]
122147 | Abyss:3  | Gained mutation: Your flesh is heat resistant. (rF+)
                  | [potion of mutation]
122251 | Abyss:3  | Reached skill level 15 in Earth Magic
122266 | Abyss:3  | Gained mutation: You occasionally shout uncontrollably at
                  | your foes. [a neqoxec]
123380 | Depths:4 | Escaped the Abyss
123610 | D:11     | Learned a level 9 spell: Shatter
123883 | Depths:1 | Voluntarily entered the Abyss.
123892 | Abyss:1  | Gained mutation: You are clumsy. (Dex -2) [a cacodemon]
124099 | Abyss:1  | Noticed an ancient lich
124102 | Abyss:1  | Killed an ancient lich
124105 | Abyss:1  | Paralysed by accursed screaming for 1 turns
124890 | Abyss:2  | Found a corrupted altar of Lugonu.
125466 | Depths:1 | Escaped the Abyss
125509 | Depths:1 | Voluntarily entered the Abyss.
125737 | Abyss:1  | Reached skill level 27 in Fighting
126435 | Abyss:1  | Reached skill level 10 in Stealth
126804 | Abyss:1  | Got the Tome of Poison and the Mountains
126976 | Depths:1 | Escaped the Abyss
128001 | Tar:7    | Entered Level 7 of Tartarus
128456 | Tar:7    | Noticed Ereshkigal
128476 | Tar:7    | Killed Ereshkigal
128552 | Tar:7    | Found the +0 mask of the Dragon {Will+ Slay+3 SInv}
128577 | Tar:7    | Got the Incunabulum of the Frostbite and Flight
128580 | Tar:7    | Found the +10 morningstar "Eos" {elec, Halo rElec}
128585 | Tar:7    | Got a bone rune of Zot
128588 | Tar:7    | Identified the +3 leather armour of Maymad {rPois}
130050 | D:11     | Bought the ring of Woegeek {+Blink rC+ Will++} for 758 gold
                  | pieces
130064 | D:11     | Bought the ring of Tauzeyv {rPois MP+9 Int+4} for 868 gold
                  | pieces
130552 | Depths:1 | Voluntarily entered the Abyss.
130704 | Abyss:1  | Gained mutation: You are frail. (-10% HP) [a shining eye]
130706 | Abyss:1  | Gained mutation: You tend to lose your temper in combat. [a
                  | shining eye]
130731 | Abyss:1  | Lost mutation: You are clumsy. (Dex -2) [potion of
                  | mutation]
130731 | Abyss:1  | Lost mutation: Your flesh is heat resistant. (rF+) [potion
                  | of mutation]
130731 | Abyss:1  | Lost mutation: Your body often deteriorates upon taking
                  | damage. [potion of mutation]
130731 | Abyss:1  | Lost mutation: Your body sometimes deteriorates upon taking
                  | damage. [potion of mutation]
130732 | Abyss:1  | Lost mutation: You are frail. (-10% HP) [potion of
                  | mutation]
130732 | Abyss:1  | Lost mutation: You expend magic power (3 MP) to strengthen
                  | your wands. [potion of mutation]
130732 | Abyss:1  | Gained mutation: You are strong-willed. (Will+) [potion of
                  | mutation]
130732 | Abyss:1  | Gained mutation: Your body sometimes deteriorates upon
                  | taking damage. [potion of mutation]
130732 | Abyss:1  | Gained mutation: You are agile. (Dex +2) [potion of
                  | mutation]
130733 | Abyss:1  | Lost mutation: You are strong-willed. (Will+) [potion of
                  | mutation]
130733 | Abyss:1  | Lost mutation: Your body sometimes deteriorates upon taking
                  | damage. [potion of mutation]
130733 | Abyss:1  | Lost mutation: You are agile. (Dex +2) [potion of mutation]
130733 | Abyss:1  | Gained mutation: You passively dampen the noise of your
                  | surroundings. [potion of mutation]
130733 | Abyss:1  | Gained mutation: Your body sometimes deteriorates upon
                  | taking damage. [potion of mutation]
130733 | Abyss:1  | Gained mutation: You are robust. (+10% HP) [potion of
                  | mutation]
130733 | Abyss:1  | Gained mutation: Your skin blends seamlessly with your
                  | surroundings (Stealth++). [potion of mutation]
130734 | Abyss:1  | Lost mutation: Your body sometimes deteriorates upon taking
                  | damage. [potion of mutation]
130734 | Abyss:1  | Lost mutation: You occasionally shout uncontrollably at
                  | your foes. [potion of mutation]
130734 | Abyss:1  | Gained mutation: You are agile. (Dex +2) [potion of
                  | mutation]
130734 | Abyss:1  | Gained mutation: You have supernaturally acute eyesight.
                  | (SInv) [potion of mutation]
130734 | Abyss:1  | Gained mutation: You occasionally shout uncontrollably at
                  | your foes. [potion of mutation]
130734 | Abyss:1  | Gained mutation: You are partially covered in iridescent
                  | scales. (AC +2) [potion of mutation]
130735 | Abyss:1  | Lost mutation: You tend to lose your temper in combat.
                  | [potion of mutation]
130735 | Abyss:1  | Lost mutation: You passively dampen the noise of your
                  | surroundings. [potion of mutation]
130735 | Abyss:1  | Gained mutation: You tend to lose your temper in combat.
                  | [potion of mutation]
130736 | Abyss:1  | Lost mutation: You are partially covered in iridescent
                  | scales. (AC +2) [potion of mutation]
130736 | Abyss:1  | Lost mutation: You occasionally shout uncontrollably at
                  | your foes. [potion of mutation]
130736 | Abyss:1  | Gained mutation: You have very sharp teeth. [potion of
                  | mutation]
130736 | Abyss:1  | Gained mutation: You have a pair of small antennae on your
                  | head. [potion of mutation]
130737 | Abyss:1  | Lost mutation: You are agile. (Dex +2) [potion of mutation]
130737 | Abyss:1  | Lost mutation: You tend to lose your temper in combat.
                  | [potion of mutation]
130737 | Abyss:1  | Lost mutation: You have very sharp teeth. [potion of
                  | mutation]
130737 | Abyss:1  | Gained mutation: You have very sharp teeth. [potion of
                  | mutation]
130737 | Abyss:1  | Lost mutation: You are robust. (+10% HP) [potion of
                  | mutation]
130737 | Abyss:1  | Gained mutation: You are partially covered in iridescent
                  | scales. (AC +2) [potion of mutation]
130737 | Abyss:1  | Gained mutation: Your system is resistant to poisons.
                  | (rPois) [potion of mutation]
131003 | Abyss:1  | Identified the +4 hand axe "Xurgho Legajo" {vorpal, rElec
                  | rF- rN+++ rCorr Stlth-}
131184 | Abyss:1  | Paralysed by accursed screaming for 1 turns
131246 | Abyss:2  | Found a corrupted altar of Lugonu.
131364 | Abyss:2  | Identified the +10 short sword of Xagum {drain, rPois rC+
                  | Str+2 Dex+3}
131951 | Abyss:2  | Reached skill level 10 in Necromancy
132072 | Abyss:2  | Paralysed by an air elemental for 1 turns
132769 | Abyss:3  | Found a corrupted altar of Lugonu.
132784 | Depths:1 | Escaped the Abyss
132786 | Depths:1 | Voluntarily entered the Abyss.
133337 | Abyss:1  | Reached skill level 15 in Necromancy
133370 | Abyss:1  | Found a corrupted altar of Lugonu.
133942 | Abyss:1  | Gained mutation: Your magical capacity is low. (-10% MP) [a
                  | shining eye]
134273 | Abyss:1  | Gained mutation: Your magical capacity is very low. (-20%
                  | MP) [a neqoxec]
134281 | Abyss:1  | Found an iron altar of Okawaru.
134569 | Abyss:1  | Found a corrupted altar of Lugonu.
134631 | Abyss:1  | Noticed an ancient lich
134634 | Abyss:1  | Killed an ancient lich
134732 | Abyss:1  | Found a shimmering blue altar of Sif Muna.
134790 | Abyss:1  | Found a shimmering blue altar of Sif Muna.
135631 | Abyss:1  | Found a corrupted altar of Lugonu.
135841 | Depths:1 | Escaped the Abyss
135847 | Depths:1 | Lost mutation: You are partially covered in iridescent
                  | scales. (AC +2) [potion of mutation]
135847 | Depths:1 | Lost mutation: Your system is resistant to poisons. (rPois)
                  | [potion of mutation]
135847 | Depths:1 | Lost mutation: You have a pair of small antennae on your
                  | head. [potion of mutation]
135847 | Depths:1 | Gained mutation: You are robust. (+10% HP) [potion of
                  | mutation]
135847 | Depths:1 | Lost mutation: You are robust. (+10% HP) [potion of
                  | mutation]
135847 | Depths:1 | Gained mutation: You are partially covered in iridescent
                  | scales. (AC +2) [potion of mutation]
135848 | Depths:1 | Lost mutation: Your magical capacity is very low. (-20% MP)
                  | [potion of mutation]
135848 | Depths:1 | Lost mutation: Your magical capacity is low. (-10% MP)
                  | [potion of mutation]
135848 | Depths:1 | Lost mutation: You have supernaturally acute eyesight.
                  | (SInv) [potion of mutation]
135848 | Depths:1 | Gained mutation: You tend to lose your temper in combat.
                  | [potion of mutation]
135848 | Depths:1 | Gained mutation: You evolve. [potion of mutation]
135848 | Depths:1 | Gained mutation: One of your tentacles bears a spike.
                  | [potion of mutation]
135848 | Depths:1 | Lost mutation: You tend to lose your temper in combat.
                  | [potion of mutation]
135866 | Depths:1 | Learned a level 9 spell: Death's Door
135976 | D:11     | Bought a potion of brilliance for 92 gold pieces
136011 | D:11     | Bought the ring of Untruth {rElec rF+ Str+6 Int-3 SInv} for
                  | 1238 gold pieces
137005 | Geh:7    | Entered Level 7 of Gehenna
137374 | Geh:7    | Identified the amulet of Pinuvyokhly {Spirit *Corrode Int+3
                  | Slay+2}
137580 | Geh:7    | Found the +7 sceptre of Asmodeus
137580 | Geh:7    | Noticed Asmodeus
137588 | Geh:7    | Killed Asmodeus
137596 | Geh:7    | Got an obsidian rune of Zot
137789 | Geh:7    | Identified the +7 short sword "Bekic" {drain, Str+4}
138252 | Crypt:3  | Gained mutation: You have a pair of small antennae on your
                  | head. [evolution]
138282 | Tomb:1   | Entered Level 1 of the Tomb of the Ancients
138769 | Tomb:1   | Noticed a royal mummy
138773 | Tomb:1   | Killed a royal mummy
138783 | Tomb:1   | Noticed a royal mummy
138805 | Tomb:1   | Killed a royal mummy
138807 | Tomb:1   | Identified the +5 scimitar of Poev {vorpal, rElec Str+2}
138941 | Tomb:1   | Noticed a royal mummy
139040 | Tomb:1   | Killed a royal mummy
139399 | Tomb:1   | Noticed a royal mummy
139399 | Tomb:1   | Noticed a royal mummy
139399 | Tomb:1   | Noticed a royal mummy
139400 | Tomb:1   | Noticed a royal mummy
139537 | Tomb:1   | Noticed a royal mummy
139542 | Tomb:1   | Noticed a royal mummy
139549 | Tomb:1   | Killed a royal mummy
139551 | Tomb:1   | Killed a royal mummy
139720 | Tomb:1   | Killed a royal mummy
139729 | Tomb:1   | Noticed a royal mummy
139734 | Tomb:1   | Noticed a royal mummy
139780 | Tomb:1   | Killed a royal mummy
139956 | Tomb:1   | Noticed a royal mummy
139966 | Tomb:1   | Killed a royal mummy
140024 | Tomb:1   | Killed a royal mummy
140129 | Tomb:1   | Killed a royal mummy
140166 | Tomb:1   | Noticed a royal mummy
140175 | Tomb:1   | Killed a royal mummy
140192 | Tomb:1   | Noticed a royal mummy
140220 | Tomb:1   | Killed a royal mummy
140309 | Tomb:1   | Noticed a royal mummy
140315 | Tomb:1   | Noticed a royal mummy
140321 | Tomb:1   | Killed a royal mummy
140321 | Tomb:1   | Noticed a royal mummy
140324 | Tomb:1   | Killed a royal mummy
140329 | Tomb:1   | Killed a royal mummy
140512 | Tomb:1   | Noticed a royal mummy
140516 | Tomb:1   | Killed a royal mummy
140682 | Tomb:1   | Killed a royal mummy
140699 | Tomb:1   | Noticed a royal mummy
140710 | Tomb:1   | Killed a royal mummy
140732 | Tomb:1   | Killed a royal mummy
140871 | Tomb:1   | Noticed a royal mummy
140876 | Tomb:1   | Killed a royal mummy
140897 | Tomb:1   | Noticed a royal mummy
140905 | Tomb:1   | Killed a royal mummy
141388 | Tomb:3   | Entered Level 3 of the Tomb of the Ancients
141417 | Tomb:3   | Noticed a royal mummy
141417 | Tomb:3   | Noticed a royal mummy
141421 | Tomb:3   | Killed a royal mummy
141426 | Tomb:3   | Noticed a royal mummy
141427 | Tomb:3   | Noticed a royal mummy
141428 | Tomb:3   | Killed a royal mummy
141429 | Tomb:3   | Killed a royal mummy
141431 | Tomb:3   | Reached skill level 27 in Unarmed Combat
141431 | Tomb:3   | Killed a royal mummy
141513 | Tomb:3   | Noticed a royal mummy
141514 | Tomb:3   | Noticed a royal mummy
141518 | Tomb:3   | Killed a royal mummy
141518 | Tomb:3   | Killed a royal mummy
141663 | Tomb:3   | Noticed a royal mummy
141668 | Tomb:3   | Killed a royal mummy
141675 | Tomb:3   | Noticed a royal mummy
141679 | Tomb:3   | Killed a royal mummy
141895 | Tomb:3   | Got a golden rune of Zot
141953 | Tomb:3   | Identified the ring "Xiucagux" {rN+ EV+4 Int+5}
141985 | Tomb:3   | Got Sif Muna's Reference Book on Bewitchment and Flames
142166 | Tomb:3   | Got the Reference Book on the Blistering Frostbite
142376 | Tomb:3   | Identified the +5 glaive "Vavvu" {vamp, rElec MP+9 Str+5
                  | Stlth-}
142382 | Tomb:3   | Identified the +1 plate armour of Xenut {*Slow Int+4
                  | Slay+2}
142915 | Zig:1    | Entered Level 1 of a ziggurat
142915 | Zig:1    | Noticed a royal mummy
142915 | Zig:1    | Found the +12 glaive of Prune {vorpal}
142922 | Zig:1    | Killed a royal mummy
142970 | Zig:2    | Entered Level 2 of a ziggurat
142984 | Zig:2    | Acquired 890 gold pieces
143011 | Zig:3    | Entered Level 3 of a ziggurat
143021 | Zig:3    | Identified the +0 pair of boots of the Lair of Beasts
                  | {Rampage Drain rF+ rN+}
143037 | Zig:4    | Entered Level 4 of a ziggurat
143081 | Zig:5    | Entered Level 5 of a ziggurat
143143 | Zig:6    | Entered Level 6 of a ziggurat
143145 | Zig:6    | Noticed an ancient lich
143147 | Zig:6    | Noticed a dread lich
143148 | Zig:6    | Killed an ancient lich
143151 | Zig:6    | Killed a dread lich
143186 | Zig:6    | Identified the +10 dire flail "Tuekloe" {flame, rElec rC-
                  | rN+}
143235 | Zig:7    | Entered Level 7 of a ziggurat
143267 | Zig:7    | Identified the ring "Caehea" {rF++ Will+ EV+4}
143281 | Zig:7    | Identified the +1 robe of Uhemif {Rampage Dex+3 SInv}
143379 | Zig:8    | Entered Level 8 of a ziggurat
143393 | Zig:8    | Found the +7 great mace "Firestarter" {inner flame, rF++}
143414 | Zig:8    | Identified the amulet of Lutiaf Qorch {rF+ rC- Regen+
                  | Slay+3}
143418 | Zig:8    | Identified the ring of Esiopn {Wiz Will+ Str-4 SInv Stlth+}
143453 | Zig:9    | Entered Level 9 of a ziggurat
143527 | Zig:9    | Identified the ring of Pisi {Wiz rF+ rN+}
143531 | Zig:9    | Acquired 903 gold pieces
143535 | Zig:9    | Identified the +7 dagger of Vurhunos {flame, Contam rCorr
                  | Dex+4}
143594 | Zig:10   | Entered Level 10 of a ziggurat
143605 | Zig:10   | Noticed a juggernaut
143614 | Zig:10   | Killed a juggernaut
143740 | Zig:10   | Got the Guide on Mutagenic Flames
143787 | Zig:11   | Entered Level 11 of a ziggurat
143798 | Zig:11   | Noticed a dread lich
143799 | Zig:11   | Noticed a dread lich
143800 | Zig:11   | Killed a dread lich
143801 | Zig:11   | Noticed a dread lich
143806 | Zig:11   | Killed a dread lich
143807 | Zig:11   | Killed a dread lich
143926 | Zig:11   | Got the Tome of Earth and Ignition
143963 | Zig:12   | Entered Level 12 of a ziggurat
144075 | Zig:12   | Identified the +5 quarterstaff "Goehodul" {spect, rElec
                  | Will+ Dex+2 Stlth-}
144102 | Zig:13   | Entered Level 13 of a ziggurat
144221 | Zig:13   | Identified the amulet of Lugonu's Whim {Reflect rC++ Int+4
                  | Dex-3 SH+5}
144227 | Zig:13   | Identified the +0 pair of gloves of Fashionability {rF+}
144235 | Zig:13   | Identified the amulet of Wenaz {Spirit rF+ Regen+ Int+3
                  | Slay+3}
144313 | Zig:14   | Entered Level 14 of a ziggurat
144415 | Zig:14   | Found the +8 glaive of the Guard {elec, spectral, AC+5}
144566 | Zig:15   | Entered Level 15 of a ziggurat
144585 | Zig:15   | Reached skill level 27 in Dodging
144727 | Zig:15   | Found the +2 shield of Resistance {rF++ rC++ Will++}
144797 | Zig:15   | Got Xasu's Reference Book on Venomous Companions
144800 | Zig:15   | Identified the +7 chain mail of the Will of the Gods
                  | {+Blink rPois}
144801 | Zig:15   | Identified the +1 dire flail of Purpose {spect, Fragile
                  | Int+4 Dex+3}
144820 | Zig:16   | Entered Level 16 of a ziggurat
144848 | Zig:16   | Noticed Yluwkub the pandemonium lord
144860 | Zig:16   | Killed Yluwkub the pandemonium lord
145035 | Zig:16   | Identified the ring "Caka" {rN+ Int+3}
145040 | Zig:16   | Identified the +2 falchion of Internal Strife {vorpal,
                  | rElec rN+ Will+ Int+3}
145041 | Zig:16   | Identified the +12 halberd of True Grit {drain, rC+}
145042 | Zig:16   | Identified the +3 spear of Domination {freeze, rElec rC+
                  | rN++ Int-5}
145061 | Zig:17   | Entered Level 17 of a ziggurat
145168 | Zig:17   | Found the +5 sword of Power {vorpal}
145243 | Zig:17   | Identified the ring of Music {Wiz rF+ Str+2 Dex+3 Stlth+}
145263 | Zig:17   | Identified the +6 broad axe of Severance {freeze, rElec rC-
                  | Int+2}
145277 | Zig:18   | Entered Level 18 of a ziggurat
145386 | Zig:18   | Identified the +5 long sword of Fragile Peace {flame, rF+
                  | Will+ Int+3 Dex+4}
145397 | Zig:18   | Identified the amulet of the Meadowlark {Spirit rPois MP+9}
145456 | Zig:18   | Identified the amulet of the Circus Animal {Spirit Will+
                  | MP-9 Str+5}
145460 | Zig:18   | Got Kofoy's Guide on the Escort
145472 | Zig:19   | Entered Level 19 of a ziggurat
145765 | Zig:19   | Identified the ring of Vuvo {rC+ MP+9 Dex+6}
145770 | Zig:19   | Identified the amulet of Zuorphisu {Spirit Harm rCorr Int-5
                  | Dex+3}
145829 | Zig:19   | Identified the +4 trident of Laab {protect, Str+5}
145836 | Zig:20   | Entered Level 20 of a ziggurat
146187 | Zig:20   | Got the Incunabulum of Ashen Malediction
146189 | Zig:20   | Got the Guide on Summoning and the Traveller
146248 | Zig:20   | Identified the +14 chain mail of the Game Afoot {Will-
                  | Dex+6}
146249 | Zig:20   | Identified the +9 dire flail of Imminent Death {drain,
                  | Str+3}
146257 | Zig:21   | Entered Level 21 of a ziggurat
146272 | Zig:21   | Noticed a dread lich
146274 | Zig:21   | Killed a dread lich
146281 | Zig:21   | Reached skill level 27 in Earth Magic
146568 | Zig:21   | Identified the +5 hand crossbow of a Labyrinth {freeze,
                  | Contam rN+ Str+8}
146628 | Zig:21   | Identified the +8 scimitar of the Freezing Fulmar {vorpal,
                  | *Slow Fly Str+5}
146638 | Zig:22   | Entered Level 22 of a ziggurat
146670 | Zig:22   | Paralysed by accursed screaming for 1 turns
147000 | Zig:22   | Got Okitysmul's Disquisition on Translocation
147008 | Zig:22   | Identified the ring of Irrepressible Laughter {rElec rC+}
147009 | Zig:22   | Identified the +10 broad axe of Tago {holy, +Rage Str+2}
147047 | Zig:22   | Identified the +10 double sword of the New World {vorpal,
                  | +Blink Str+4 Int+3 Dex-5}
147054 | Zig:23   | Entered Level 23 of a ziggurat
147085 | Zig:23   | Reached skill level 10 in Evocations
147279 | Zig:23   | Identified the +6 rapier of the Ghost {flame, *Rage Will+
                  | Dex+2}
147366 | Zig:23   | Identified the +0 plate armour "Ororeur" {Str+5}
147379 | Zig:23   | Identified the +5 scale mail "Daig" {-Cast Drain Fly rPois}
147380 | Zig:23   | Identified the ring of Hijenlits {Will+ EV+4 Int+4 Dex+3
                  | Stlth-}
147399 | Zig:23   | Identified the +1 chain mail "Telyjah" {Fly}
147429 | Zig:24   | Entered Level 24 of a ziggurat
147463 | Zig:24   | Reached skill level 15 in Evocations
147494 | Zig:24   | Got Yrony's Collected Works on Feathers and Snow
147638 | Zig:24   | Got Sif Muna's Guide on Flying Toxins
147640 | Zig:24   | Got Sif Muna's Foundations of Spellweaving
147834 | Zig:24   | Identified the +9 halberd of Twilight {vorpal, rF+ Will+
                  | Int+3}
147845 | Zig:25   | Entered Level 25 of a ziggurat
148189 | Zig:25   | Found the +8 demon blade "Leech" {vamp, *Rage +Rage rN+}
148222 | Zig:25   | Identified the ring of Zishruq {rC+ Will+}
148270 | Zig:26   | Entered Level 26 of a ziggurat
148543 | Zig:26   | Got the Handbook of Evil
148547 | Zig:26   | Identified the ring of Ynaonuss {*Slow Fly rF+ Str+6
                  | Stlth+}
148552 | Zig:26   | Got the Collected Works on Heat and Poisoning
148563 | Zig:26   | Got the Collected Works on Creative Sinister Arts
148644 | Zig:26   | Identified the +4 shortbow of the Globe {flame, +Blink}
148663 | Zig:27   | Entered Level 27 of a ziggurat
148687 | Zig:27   | Reached skill level 27 in Shields
148703 | Zig:27   | Found the brooch of Shielding {Spirit SH+8}
149005 | Zig:27   | Got the Handbook of the Entourage
149024 | Zig:27   | Identified the +10 spear of Zisaacuy {spect, Int-5 Dex+4}
149031 | Zig:27   | Identified the ring of Lilit {Wiz *Slow Int+8}
149035 | Zig:27   | Identified the +1 rapier "Waluukye" {protect, Dex+5}
149038 | Zig:27   | Got the Compendium of Sinister Arts and the Entourage
149119 | Zig:27   | Identified the +0 leather armour "Putos" {rElec Regen+
                  | Dex+2 Slay+3}
149394 | D:11     | Bought a book of Annihilations for 640 gold pieces
149414 | D:11     | Learned a level 9 spell: Fire Storm
149527 | D:11     | Reached skill level 5 in Fire Magic
149579 | Zig:1    | Entered Level 1 of a ziggurat
149609 | Zig:2    | Entered Level 2 of a ziggurat
149627 | Zig:2    | Identified the +0 helmet of Plasticity {Dex+3 SInv}
149673 | Zig:3    | Entered Level 3 of a ziggurat
149679 | Zig:3    | Reached skill level 10 in Fire Magic
149803 | Zig:4    | Entered Level 4 of a ziggurat
149849 | Zig:4    | Identified the +7 rapier "Zast" {vorpal, *Rage rN+ Str+7}
149863 | Zig:5    | Entered Level 5 of a ziggurat
149867 | Zig:5    | Noticed a juggernaut
149873 | Zig:5    | Killed a juggernaut
149919 | Zig:6    | Entered Level 6 of a ziggurat
149982 | Zig:6    | Got the Tome of Warped Sinister Arts
150014 | Zig:7    | Entered Level 7 of a ziggurat
150112 | Zig:7    | Identified the +5 morningstar "Undertaker" {vorpal, *Rage
                  | rC++ rCorr Int+2}
150118 | Zig:8    | Entered Level 8 of a ziggurat
150128 | Zig:8    | Noticed Zoplarin's ghost (legendary BaSk)
150128 | Zig:8    | Noticed Xuqyot's ghost (legendary DsFi)
150130 | Zig:8    | Reached skill level 15 in Stealth
150136 | Zig:8    | Killed Xuqyot's ghost
150146 | Zig:8    | Killed Zoplarin's ghost
150258 | Zig:8    | Identified the amulet "Seits" {Faith rElec rPois Int-5}
150270 | Zig:8    | Got Nibri's Compendium of the Arsonist
150305 | Zig:9    | Entered Level 9 of a ziggurat
150418 | Zig:9    | Identified the +6 dire flail "Kyhaxy" {antimagic, *Slow
                  | +Rage rElec rC+++}
150420 | Zig:9    | Acquired 684 gold pieces
150427 | Zig:10   | Entered Level 10 of a ziggurat
150561 | Zig:10   | Identified the amulet of Arrival {RegenMP rC- Will+ Int+4
                  | Dex+4}
150572 | Zig:11   | Entered Level 11 of a ziggurat
150661 | Zig:11   | Found the +6 lightning scales {swift, rElec}
150780 | Zig:11   | Identified the +1 scale mail of Nudwappo {rC+ Regen+}
150804 | Zig:11   | Got the Almanac of Evil
150849 | Zig:12   | Entered Level 12 of a ziggurat
150863 | Zig:12   | Reached skill level 15 in Fire Magic
150871 | Zig:12   | Found the +9 scales of the Dragon King {rPois rF+ rC+
                  | Will+}
151013 | Zig:12   | Identified the +2 pair of gloves of the True Pharaoh
                  | {Rampage Str+2 Int+2}
151051 | Zig:12   | Acquired 707 gold pieces
151053 | Zig:12   | Acquired 949 gold pieces
151075 | Zig:13   | Entered Level 13 of a ziggurat
151132 | Zig:13   | Gained mutation: You expend magic power (3 MP) to
                  | strengthen your wands. [evolution]
151293 | Zig:13   | Identified the +4 trident "Herismo" {spect, Fragile +Blink
                  | rF++}
151294 | Zig:13   | Identified the +7 mace of Vynuz {distort, Fly rCorr Int+4}
151295 | Zig:13   | Identified the +7 hand axe "Meefrego" {freeze, rC+ Str+2
                  | SInv}
151303 | Zig:14   | Entered Level 14 of a ziggurat
151319 | Zig:14   | Reached skill level 10 in Conjurations
151331 | Zig:14   | Found the macabre finger necklace {rN+}
151476 | Zig:14   | Identified the ring of Tesh {rN+ EV+4 Int+2 Dex-3}
151653 | Zig:14   | Identified the +5 hunting sling of Dithmenos's Generosity
                  | {venom, *Slow +Blink rF+ Int+4}
151656 | Zig:14   | Identified the +5 hand crossbow of an ice cave {flame,
                  | rPois rC++ Will-}
151662 | Zig:15   | Entered Level 15 of a ziggurat
151692 | Zig:15   | Found the +4 Cigotuvi's embrace {rMiasma Drain rN+}
151923 | Zig:16   | Entered Level 16 of a ziggurat
152175 | Zig:16   | Identified the +9 short sword "Tiupell" {drain, +Rage rPois
                  | Stlth+}
152182 | Zig:17   | Entered Level 17 of a ziggurat
152192 | Zig:17   | Noticed Tuwnaj the pandemonium lord
152193 | Zig:17   | Noticed Liamotyf the pandemonium lord
152193 | Zig:17   | Noticed Zeoxau the pandemonium lord
152194 | Zig:17   | Noticed Tesaloss the pandemonium lord
152194 | Zig:17   | Noticed a dread lich
152200 | Zig:17   | Killed a dread lich
152202 | Zig:17   | Killed Liamotyf the pandemonium lord
152203 | Zig:17   | Reached skill level 15 in Conjurations
152203 | Zig:17   | Killed Zeoxau the pandemonium lord
152204 | Zig:17   | Noticed Vommula the pandemonium lord
152205 | Zig:17   | Noticed Meoth the pandemonium lord
152205 | Zig:17   | Noticed Damez the pandemonium lord
152205 | Zig:17   | Noticed Xedis the pandemonium lord
152207 | Zig:17   | Killed Meoth the pandemonium lord
152207 | Zig:17   | Killed Xedis the pandemonium lord
152207 | Zig:17   | Killed Damez the pandemonium lord
152210 | Zig:17   | Killed Tesaloss the pandemonium lord
152212 | Zig:17   | Noticed Imoppuf the pandemonium lord
152214 | Zig:17   | Killed Vommula the pandemonium lord
152215 | Zig:17   | Killed Tuwnaj the pandemonium lord
152222 | Zig:17   | Killed Imoppuf the pandemonium lord
152443 | Zig:17   | Acquired a manual of Summonings
152445 | Zig:17   | Acquired the ring "Pori" {MP+9 Int+2 Slay+4}
152489 | Zig:17   | Identified the +0 robe of Trumpets {rN+}
152495 | Zig:18   | Entered Level 18 of a ziggurat
152716 | Zig:18   | Found the +7 mace of Variability {chain chaos}
152764 | Zig:18   | Got Rionirph's Papyrus of Congealing Unholy Arts
152767 | Zig:18   | Identified the ring of Toim {rCorr MP+9 Str+5}
152772 | Zig:18   | Got the Tome of Destructive Envenoming
152791 | Zig:18   | Identified the +2 pair of gloves of Contentment {rN++}
153750 | Zig:19   | Entered Level 19 of a ziggurat
153935 | Zig:19   | Found the ring of the Mage {Wiz Will++ Int+3}
154096 | Zig:19   | Identified the amulet of Paedwuqe {Acrobat rElec rF++ rC-
                  | Dex+3}
154101 | Zig:19   | Identified the ring of Niusche {Fly rPois Will+ MP+9}
154115 | Zig:19   | Identified the amulet "Rug Tumo" {RegenMP rF+ rC- Will+}
154188 | Zig:20   | Entered Level 20 of a ziggurat
154220 | Zig:20   | Found the +5 scythe "Finisher" {speed, eviscerate}
154441 | Zig:20   | Identified the ring "Ryihey" {Contam rF++ rC+++ rCorr}
154443 | Zig:20   | Identified the +4 morningstar of Valour {flame, *Rage rN+++
                  | Dex+6}
154512 | Zig:21   | Entered Level 21 of a ziggurat
154528 | Zig:21   | Noticed a royal mummy
154531 | Zig:21   | Noticed a royal mummy
154531 | Zig:21   | Noticed a royal mummy
154533 | Zig:21   | Noticed a royal mummy
154533 | Zig:21   | Noticed a royal mummy
154533 | Zig:21   | Noticed a royal mummy
154533 | Zig:21   | Noticed a royal mummy
154534 | Zig:21   | Killed a royal mummy
154534 | Zig:21   | Noticed a royal mummy
154535 | Zig:21   | Killed a royal mummy
154536 | Zig:21   | Killed a royal mummy
154536 | Zig:21   | Killed a royal mummy
154536 | Zig:21   | Killed a royal mummy
154537 | Zig:21   | Killed a royal mummy
154537 | Zig:21   | Killed a royal mummy
154537 | Zig:21   | Killed a royal mummy
155030 | Zig:21   | Identified the +6 mace "Zesso" {holy, *Noise Int+4 SInv}
155038 | Zig:21   | Identified the ring "Meis" {Fire Str+3 Int-5 Dex+4}
155189 | Zig:22   | Entered Level 22 of a ziggurat
155227 | Zig:22   | Found the +18 shield of the Gong {rElec rN+ Will+ EV-5}
155343 | Zig:22   | Identified the ring of Noitauk {Int+3 Slay+4}
155348 | Zig:22   | Got the Reference Book on Heat
155349 | Zig:22   | Identified the amulet "Hovel" {Spirit rCorr Str+4}
155353 | Zig:22   | Identified the ring "Icsous" {rC- rN+ rCorr Str+7 Stlth+}
155519 | Zig:23   | Entered Level 23 of a ziggurat
155531 | Zig:23   | Noticed a royal mummy
155534 | Zig:23   | Noticed a royal mummy
155534 | Zig:23   | Noticed a royal mummy
155537 | Zig:23   | Noticed a royal mummy
155538 | Zig:23   | Noticed a royal mummy
155538 | Zig:23   | Noticed a royal mummy
155538 | Zig:23   | Noticed a royal mummy
155538 | Zig:23   | Noticed a royal mummy
155538 | Zig:23   | Noticed a royal mummy
155538 | Zig:23   | Noticed a royal mummy
155538 | Zig:23   | Noticed a royal mummy
155538 | Zig:23   | Noticed a royal mummy
155539 | Zig:23   | Killed a royal mummy
155540 | Zig:23   | Killed a royal mummy
155540 | Zig:23   | Killed a royal mummy
155540 | Zig:23   | Killed a royal mummy
155540 | Zig:23   | Killed a royal mummy
155540 | Zig:23   | Killed a royal mummy
155540 | Zig:23   | Killed a royal mummy
155540 | Zig:23   | Noticed a royal mummy
155541 | Zig:23   | Killed a royal mummy
155541 | Zig:23   | Killed a royal mummy
155541 | Zig:23   | Killed a royal mummy
155541 | Zig:23   | Killed a royal mummy
155541 | Zig:23   | Killed a royal mummy
155543 | Zig:23   | Noticed a royal mummy
155545 | Zig:23   | Killed a royal mummy
155545 | Zig:23   | Killed a royal mummy
156149 | Zig:23   | Got Ytemeph's Volume of Clay
156165 | Zig:23   | Identified the +5 morningstar "Cecsyz Fati" {drain, rC+}
156169 | Zig:23   | Got Vehumet's Guide on Damage Dealing
156201 | Zig:24   | Entered Level 24 of a ziggurat
156596 | Zig:24   | Identified the +10 hand axe "Ehitrom" {vorpal, Dex+6
                  | Stlth+}
156610 | Zig:24   | Got the Reference Book on the Escort and Stones
156619 | Zig:24   | Got Xoechul's Papyrus of the Entourage
156684 | Zig:25   | Entered Level 25 of a ziggurat
156701 | Zig:25   | Noticed an ancient lich
156703 | Zig:25   | Reached skill level 27 in Necromancy
156704 | Zig:25   | Killed an ancient lich
156711 | Zig:25   | Noticed a dread lich
156713 | Zig:25   | Noticed a dread lich
156714 | Zig:25   | Killed a dread lich
156714 | Zig:25   | Killed a dread lich
156715 | Zig:25   | Noticed an ancient lich
156717 | Zig:25   | Killed an ancient lich
156732 | Zig:25   | Found the +7 sceptre of Torment {pain, torment}
157003 | Zig:25   | Identified the ring of Exykosan {rN+ Str+2 Dex-5 Slay+4}
157007 | Zig:25   | Identified the ring of New Discoveries {+Blink rF+++ Will-
                  | MP+9 Int-5}
157015 | Zig:25   | Got the Almanac of Feathers and Attacks
157020 | Zig:25   | Got the Grimoire of Summoning
157086 | Zig:26   | Entered Level 26 of a ziggurat
157391 | Zig:26   | Got the Almanac of Clay
157397 | Zig:26   | Identified the ring of Tijienul {rElec rF++ Will+ rCorr
                  | Str-5}
157491 | Zig:27   | Entered Level 27 of a ziggurat
157529 | Zig:27   | Reached skill level 27 in Evocations
157531 | Zig:27   | Reached skill level 15 in Summonings
157543 | Zig:27   | Found the +8 arc blade {discharge, rElec}
157543 | Zig:27   | Found the +8 longbow "Zephyr" {speed, Dex+3 SInv}
157979 | Zig:27   | Identified the +6 quarterstaff of Nemelex Xobeh's Hope
                  | {elec, rF+ Int+5}
157987 | Zig:27   | Identified the +0 cloak "Litteladu" {Harm +Blink rElec
                  | Str-4 SInv}
158081 | D:11     | Learned a level 8 spell: Infestation
158089 | D:11     | Learned a level 7 spell: Haunt
158536 | Zot:1    | Lost mutation: You have a pair of small antennae on your
                  | head. [evolution]
159086 | Zot:2    | Acquired 560 gold pieces
160082 | Zot:3    | Found the ring of the Tortoise {AC+8}
160655 | Zot:3    | You are sucked into a shaft and drop 1 floor!
161864 | Zot:5    | Entered Level 5 of the Realm of Zot
162209 | Zot:5    | Noticed an ancient lich
162221 | Zot:5    | Killed an ancient lich
162228 | Zot:5    | Acquired 1237 gold pieces
162891 | Zot:5    | Noticed an orb of fire
162895 | Zot:5    | Noticed an orb of fire
162896 | Zot:5    | Gained mutation: You are clumsy. (Dex -2) [an orb of fire]
162897 | Zot:5    | Noticed an orb of fire
162898 | Zot:5    | Noticed an orb of fire
162901 | Zot:5    | Killed an orb of fire
162904 | Zot:5    | Killed an orb of fire
162905 | Zot:5    | Killed an orb of fire
162909 | Zot:5    | Killed an orb of fire
163282 | Zot:5    | Noticed an ancient lich
163286 | Zot:5    | Killed an ancient lich
163290 | Zot:5    | Noticed an ancient lich
163290 | Zot:5    | Noticed an orb of fire
163301 | Zot:5    | Killed an orb of fire
163304 | Zot:5    | Killed an ancient lich
163950 | Zot:1    | Lost mutation: You are partially covered in iridescent
                  | scales. (AC +2) [evolution]
164266 | Depths:2 | Noticed Bai Suzhen
164275 | Depths:2 | Killed Bai Suzhen
164498 | Depths:2 | Found an ancient bone altar of Kikubaaqudgha.
164631 | Depths:2 | Identified the +1 animal skin of Eternal Night {rPois rC+}
164720 | Depths:2 | Found a broken altar of Ashenzari.
164804 | Depths:2 | Found Campirruby's Miraculous Elixirs.
164901 | Depths:2 | Found a stormy altar of Qazlal.
164966 | Depths:2 | Found Pollu's General Store.
165033 | Depths:2 | Found The Legendary Atsuerphe's Legendary Smithy.
165637 | D:10     | Killed Fannar
166752 | Zot:5    | Identified the +11 shortbow of Ash {vorpal, rC- Int+6}
166824 | Zot:5    | Got the Orb of Zot
166831 | Zot:5    | Noticed Faorasoph the pandemonium lord
167007 | Depths:4 | Noticed Cewkarru the pandemonium lord
167011 | Depths:4 | Killed Cewkarru the pandemonium lord
167318 | D:3      | Noticed Oheruw the pandemonium lord
167370 | D:$      | Escaped with the Orb!

Illustrated notes

Levels and vault maps discovered:
D:1:      erik_arrival_orb_chamber, layout_basic
D:2:      layout_basic, basic_altar, minmay_joined_circles,
          uniq_crazy_yiuf_cottage
D:3:      layout_loops_corners, nicolae_ru_awakened_eye,
          chequers_temple_overflow_minitemple, basic_ecumenical_altar,
          portal_sewer_entry_c, serial_shops,
          nicolae_shop_competitors_out_of_business, uniq_natasha
D:4:      layout_basic
D:5:      layout_basic, grunt_temple_overflow_champion_of_chaos,
          okawaru_gym_becter, serial_shops, nicolae_shop_stone,
          lightli_corner_chamber
D:6:      layout_rooms, serial_shops, shop
D:7:      cheibrodos_shockbox, layout_basic, trog_three_pillars_becter,
          minmay_temple_entry_poolview
D:8:      minmay_the_grid_four_pointed_star
          [minmay_the_grid_triangle_9x9_fully_insulated_deathbox,
          minmay_the_grid_triangle_9x9_corrupted_corridor,
          minmay_the_grid_triangle_9x9_checkered,
          minmay_the_grid_triangle_9x9_limited_checkers,
          minmay_the_grid_prize_diamond_cup], layout_basic, uniq_prince_ribbit1
D:9:      gammafunk_boulding_lane, layout_stronghold, lemuel_tele_altar,
          nicolae_uskayaw_dance_studio, lightli_minifort
D:10:     layout_loops_ring, uniq_fannar
D:11:     layout_loops_ring, dpeg_lair_monsters, serial_shops, shop_fountains,
          nicolae_stop_n_shop_2, minmay_librarian
D:12:     layout_long_grid, david_orc_5, serial_shops, nicolae_stop_n_shop_1,
          kennysheep_generic_room_12
D:13:     layout_rooms, lightli_vaults_fourway_checkpoint, minivault_21,
          chequers_guarded_unrand_ignorance, uniq_maurice
D:14:     layout_irregular_city, chequers_serial_rivers_small_a
D:15:     hangedman_depths_entry_civil_slaughter, layout_rooms,
          serial_bayou_pond_b, grunt_ministairs_12, drop_trap
Lair:1:   layout_long_grid, uniq_sonja
Lair:2:   layout_cave_shapes, basic_altar, grunt_megastairs_3
Lair:3:   layout_gridlike, swamp_mist, spider_nest_entry_webs,
          nicolae_quartered_pool_super
Lair:4:   layout_regular_city, gauntlet_entry_generic,
          nzn_masters_of_martial_movement, infiniplex_staircase_pool_2,
          uniq_urug
Lair:5:   layout_misc_corridors, basic_altar, minivault_23, serial_bayou_ford_a,
          grunt_megastairs_4
Lair:6:   grunt_lair_end_beastmaster, layout_regular_city, slime_altar_1,
          grunt_forest_large_clearings, uniq_nessos
Swamp:1:  layout_falls_marsh, nicolae_swamp_little_swirl, swamp_pool1
Swamp:2:  layout_falls_marsh, serial_swamp_ruin, evilmike_swamp_ruin_house_1,
          evilmike_swamp_ruin_wall, swamp_pool1, nicolae_swamp_trees_clearing
Swamp:3:  layout_falls_marsh, nicolae_swamp_triple_paths, uniq_nikola
Swamp:4:  swamp_icy, layout_basic_swamp, swamp_pool2, uniq_donald
Spider:1: layout_spider_delve, portal_ice_cave_entry_pillars_four
Spider:2: layout_spider_delve, drop_trap, hangedman_spider_tarantella_strand
Spider:3: layout_spider_delve, nicolae_spider_cling_halls, uniq_arachne,
          uniq_jorgrun
Spider:4: grunt_spider_rune_parallel, drop_trap, spiders_nest_the_unseen
Slime:1:  layout_caves, nicolae_slime_barrier
Slime:2:  layout_caves
Slime:3:  layout_caves
Slime:4:  cheibrodos_slime_lost_civilization_3, layout_caves
Slime:5
Orc:1:    layout_caves
Orc:2:    grunt_orc_community_town_hall, layout_diamond_mine,
          grunt_orc_community_big_house_1, grunt_orc_community_big_house_2,
          grunt_orc_community_house_3, grunt_orc_community_house_3,
          grunt_orc_community_house_1, grunt_orc_community_house_1, basic_altar,
          serial_shops, nicolae_shop_behind_doors, shop, shop, shop,
          nicolae_shop_temple_entry_statues_fountains, abandoned_shop
Elf:1:    layout_loops_corners, portal_desolation_entry_ruin,
          kennysheep_underground_church
Elf:2:    elven_hall_of_blades_hangedman_original
          [nicolae_blade_entry_splitting_headache], layout_geoelf_octagon,
          uniq_saint_roka
Elf:3:    minmay_elf_hall_statues, layout_gridlike
Vaults:1: hangedman_vaults_maws, vaults_room_glass_cross,
          hangedman_vaults_impose, dpeg_vaults_monster_box,
          nicolae_vaults_rhombus_5, v_misc_1, nicolae_vaults_diagonal_hallway_8,
          vaults_dpeg_ring, layout_vaults_big_room
Vaults:2: gammafunk_vaults_ghost_spectres, nicolae_vaults_border_crossing,
          ontoclasm_vaults_ligature, nicolae_vaults_rhombus_7,
          vaults_dpeg_doors, vaults_mumra_chevron, ontoclasm_vaults_tryst,
          v_misc_30, grunt_vaults_swirl, vaults_dpeg_diagonal,
          nicolae_vaults_murderbox, layout_vaults_omnigrid, serial_shops, shop,
          uniq_margery
Vaults:3: ontoclasm_vaults_twist, v_misc_13, grunt_vaults_hallway_short,
          nicolae_vaults_angled_halls, st_lattice, vaults_dpeg_hooks,
          vaults_room_door_ring, grunt_vaults_twisty,
          nicolae_vaults_little_squares_3, v_misc_9,
          nicolae_vaults_ring_of_whatevers, minmay_crypt_entry_simple_box,
          layout_vaults_maze_snakey, uniq_frederick
Vaults:4: nicolae_vaults_big_angled_halls, hangedman_vaults_river_flow,
          nicolae_vaults_little_ls, ontoclasm_vaults_decontamination,
          dpeg_vaults_monster_row, vaults_room_hallway,
          nicolae_vaults_ring_of_whatevers, serial_ice_b,
          nicolae_vaults_network_square, nicolae_vaults_diagonal_hallway_9,
          ontoclasm_vaults_eye, vaults_room_pool, layout_vaults_omnicross,
          serial_shops, shop
Vaults:5: serial_shops, uniq_jory
Crypt:1:  layout_misc_corridors
Crypt:2:  layout_chaotic_city, st_burial_chamber
Crypt:3:  cryptofortress_bobbens
Tomb:1
Tomb:2
Tomb:3
Depths:1: layout_roguey [special_room_mythical_zoo], mu_enter_wizlab_7,
          minmay_misc_feat_plants, abyss_entry, hell_entry,
          nicolae_elyvilon_peaceful_grove, minmay_shop_star,
          serial_bayou_shore_a, serial_bayou_shore_b
Depths:2: grated_community_mu [grated_community_mu_vampire_home,
          grated_community_mu_giant_home, grated_community_mu_spellcaster_home,
          grated_community_mu_orcish_home, grated_community_mu_troll_home,
          grated_community_mu_taur_home, grated_community_mu_unbuilt_plot],
          layout_honeycomb, grunt_decor_one_mirror, lightli_too_deep,
          rand_demon_pan_entry_8, uniq_bai_suzhen
Depths:3: cheibrodos_lost_city_excavation, layout_gridlike, hellmouth_3,
          abyss_entry_crystal, serial_shops, shop, pan_entry,
          fedhas_altar_fruit_tree, sword_in_stone
Depths:4: kb_forest_paths, layout_gridlike, abyss_entry, hell_entry,
          nzn_wu_jian_contemplation
Depths:5: grunt_zot_entry_funnels, layout_honeycomb, enter_ziggurat_e,
          hellmonk_bongcloud_opening, hell_entry
Hell
Dis:1:    layout_regular_city
Dis:2:    layout_chaotic_city
Dis:3:    layout_chaotic_city, grunt_dis_stairs_iron_hall
Dis:4:    layout_gridville, hangedman_dis_decor_blocks_talon
Dis:5:    layout_regular_city, hangedman_dis_chains
Dis:6:    layout_subdivisions, evilmike_ambush [evilmike_ambush_outer_corners,
          evilmike_ambush_inner_basic]
Dis:7:    dis_grunt_layers
Geh:1:    layout_gehenna_pools_basic
Geh:2:    layout_gehenna_lava_caves
Geh:3:    layout_gehenna_pools_box, nicolae_geh_lava_in_the_way
Geh:4:    layout_gehenna_lava_caves
Geh:5:    layout_gehenna_pools_box, nicolae_geh_amphitheater
Geh:6:    layout_gehenna_lava_caves
Geh:7:    geh_old
Coc:1:    layout_ice_bergs
Coc:2:    layout_cocytus_water_paths
Coc:3:    layout_cocytus_water_paths
Coc:4:    layout_cocytus_water_paths
Coc:5:    layout_ice_bergs
Coc:6:    layout_cocytus_delve, door_vault
Coc:7:    coc_dpeg
Tar:1:    layout_grid_maze
Tar:2:    layout_grid_maze
Tar:3:    layout_grid_maze, grunt_megastairs_5
Tar:4:    layout_catacombs, nicolae_tar_cuneiform_two
Tar:5:    layout_catacombs, nicolae_tar_cuneiform_bread
Tar:6:    layout_grid_maze
Tar:7:    tar_minmay_river
Zot:1:    layout_cellular_growth, grunt_ministairs_3
Zot:2:    layout_onion
Zot:3:    layout_cathedral_of_symmetry, st_stairs_1,
          hangedman_zot_decor_checkerboard, bh_zot_levy_curve,
          hangedman_hellfire_club
Zot:4:    layout_concentric_octagons, grunt_ministairs_10
Zot:5:    layout_misc_corridors, drop_trap, grunt_ministairs_1,
          hangedman_zot_decor_tridents, st_stairs_6

Skill      XL: |  1  2  3  4  5  6  7  8  9 10 11 12 13 14 15 16 17 18 19 20 21 22 23 24 25 26 27 |
---------------+----------------------------------------------------------------------------------+-----
Stealth        | 1 2 3 4 6 7 8 18 | 18.0
Transmutations | 3 4 5 6 7 9 11 14 15 16 17 | 17.0
Spellcasting   | 3 4 6 8 9 10 11 12 13 14 15 16 17 18 19 20 21 27 | 27.0
Ice Magic      | 3 4 5 6 24 | 24.3
Fighting       | 4 5 6 8 9 10 11 13 15 16 18 19 20 21 22 27 | 27.0
Dodging        | 3 4 5 7 8 9 10 27 | 27.0
Unarmed Combat | 5 6 7 9 10 12 13 14 15 16 17 27 | 27.0
Evocations     | 3 5 6 27 | 27.0
Earth Magic    | 5 8 9 10 27 | 27.0
Shields        | 4 7 9 11 12 14 15 17 27 | 27.0
Hexes          | 2 3 |  3.0
Summonings     | 5 6 25 | 25.3
Air Magic      | 4 6 |  6.9
Conjurations   | 5 7 20 | 20.0
Translocations | 5 9 15 | 15.0
Necromancy     | 27 | 27.0
Fire Magic     | 19 | 19.0

Action                   |  1- 3 |  4- 6 |  7- 9 | 10-12 | 13-15 | 16-18 | 19-21 | 22-24 | 25-27 || total
-------------------------+-------+-------+-------+-------+-------+-------+-------+-------+-------++-------
Melee: Dagger            |    74 |    83 |    90 |       |       |       |       |       |       ||   247
       Unarmed           |     5 |    19 |   264 |   388 |   533 |   894 |   682 |   641 |  9266 || 12692
       Constrict         |    18 |    24 |    21 |       |    36 |    46 |    94 |    83 |   917 ||  1239
       Tentacles         |    13 |    12 |    17 |       |    66 |    60 |   127 |    99 |  1128 ||  1522
       Kick              |    16 |    10 |     8 |       |       |       |       |       |  1420 ||  1454
       Punch             |     1 |     1 |     4 |       |    30 |    59 |    64 |    70 |   864 ||  1093
       Staff             |       |       |       |     1 |     3 |     4 |    22 |     8 |    67 ||   105
       Tailslap          |       |       |       |       |    33 |    55 |     7 |    15 |     9 ||   119
       Bite              |       |       |       |       |    24 |    36 |    13 |    16 |   122 ||   211
Throw: Boomerang         |       |     1 |       |       |       |       |       |       |       ||     1
       Dart              |       |       |     9 |    14 |     4 |     4 |     2 |       |       ||    33
       Stone             |       |       |     2 |       |       |       |       |       |       ||     2
 Cast: Beastly Appendage |    20 |    12 |     7 |       |       |     2 |       |       |       ||    41
       Wereblood         |     1 |     8 |    15 |    16 |    27 |    34 |    31 |    26 |   227 ||   385
       Spider Form       |       |     3 |     4 |       |       |       |       |       |       ||     7
       Ice Form          |       |       |    31 |    43 |     3 |       |       |       |       ||    77
       Sandblast         |       |       |       |    12 |       |       |       |       |       ||    12
       Frozen Ramparts   |       |       |       |    24 |    47 |    32 |    71 |    39 |    35 ||   248
       Summon Ice Beast  |       |       |       |    12 |     8 |     5 |       |       |       ||    25
       Statue Form       |       |       |       |     4 |    36 |    62 |   122 |   119 |   979 ||  1322
       Lee's Rapid Decon |       |       |       |       |     9 |    33 |     6 |     7 |    44 ||    99
       Dragon Form       |       |       |       |       |    32 |    77 |    31 |    23 |     9 ||   172
       Stone Arrow       |       |       |       |       |     9 |    87 |    49 |    15 |    54 ||   214
       Summon Mana Viper |       |       |       |       |       |    18 |    15 |    29 |    29 ||    91
       Poisonous Vapours |       |       |       |       |       |    98 |    51 |    21 |    28 ||   198
       Freezing Cloud    |       |       |       |       |       |     6 |    28 |    24 |    29 ||    87
       Irradiate         |       |       |       |       |       |       |     5 |     3 |    50 ||    58
       Metabolic Englaci |       |       |       |       |       |       |       |     5 |       ||     5
       Summon Lightning  |       |       |       |       |       |       |       |     1 |     3 ||     4
       Summon Forest     |       |       |       |       |       |       |       |     1 |    81 ||    82
       Airstrike         |       |       |       |       |       |       |       |       |    29 ||    29
       Manifold Assault  |       |       |       |       |       |       |       |       |   778 ||   778
       Shatter           |       |       |       |       |       |       |       |       |   433 ||   433
       Polar Vortex      |       |       |       |       |       |       |       |       |   116 ||   116
       Malign Gateway    |       |       |       |       |       |       |       |       |   105 ||   105
       Haunt             |       |       |       |       |       |       |       |       |    31 ||    31
       Ozocubu's Refrige |       |       |       |       |       |       |       |       |    10 ||    10
       Infestation       |       |       |       |       |       |       |       |       |     6 ||     6
       Death's Door      |       |       |       |       |       |       |       |       |     6 ||     6
       Passage of Golubr |       |       |       |       |       |       |       |       |     5 ||     5
       Fire Storm        |       |       |       |       |       |       |       |       |     4 ||     4
       Necromutation     |       |       |       |       |       |       |       |       |     1 ||     1
Invok: Potion Petition   |       |       |     2 |       |     1 |     3 |     1 |     1 |    59 ||    67
       Call Merchant     |       |       |       |     2 |     2 |     1 |     2 |     3 |    18 ||    28
 Abil: End Transformatio |       |       |     2 |     4 |     5 |     6 |     1 |     5 |    12 ||    35
       Breathe Fire      |       |       |       |       |     6 |     5 |       |     1 |       ||    12
       Evoke Blink       |       |       |       |       |       |       |       |     1 |     3 ||     4
Evoke: Wand              |       |    11 |     2 |    20 |     4 |     8 |       |     1 |    12 ||    58
       Phantom mirror    |       |       |       |       |       |       |       |       |     3 ||     3
       Figurine of a zig |       |       |       |       |       |       |       |       |     1 ||     1
       Tin of tremorston |       |       |       |       |       |       |       |       |     1 ||     1
  Use: Scroll            |       |     3 |    12 |    19 |     7 |     5 |     8 |     4 |    56 ||   114
       Potion            |       |       |     3 |     4 |     1 |       |     1 |       |    65 ||    74
 Stab: Sleeping          |     7 |     5 |     6 |     2 |     3 |     2 |     8 |    15 |    25 ||    73
       Distracted        |       |     1 |     3 |     4 |     3 |     6 |     5 |     6 |   138 ||   166
       Invisible         |       |       |       |       |     1 |       |       |       |     2 ||     3
       Held in net/web   |       |       |       |       |       |     2 |       |       |       ||     2
       Confused          |       |       |       |       |       |       |       |       |     1 ||     1
Armor: Skin              |     5 |     1 |    67 |    93 |   266 |   441 |   262 |   255 |  1976 ||  3366
Dodge: Dodged            |    37 |    77 |   249 |   368 |   618 |   950 |   401 |   345 |  3936 ||  6981
Block: Buckler           |       |       |       |       |       |    53 |       |       |       ||    53
       Kite shield       |       |       |       |       |       |   119 |   656 |   585 |   357 ||  1717
       Reflection        |       |       |       |       |       |       |    61 |    26 |   339 ||   426
       Other             |       |       |       |       |       |       |     6 |    20 |    10 ||    36
       Tower shield      |       |       |       |       |       |       |       |       | 11177 || 11177
